 Seeded DCSS version 0.25-a0-886-gd7461d2 (webtiles) character file.

Game seed: 5087006423249966728, levelgen mode: deterministic

14513601 waywinkle the Invulnerable (level 27, 183/221 (224) HPs)
             Began as a Barachi Fighter on Apr 29, 2020.
             Was the Champion of the Shining One.
             Escaped with the Orb
             ... and 15 runes on May 2, 2020!
             The game lasted 06:56:53 (109640 turns).

waywinkle the Invulnerable (Barachi Fighter)      Turns: 109640, Time: 06:56:54

HP:   183/221 (224) AC: 43    Str: 30    XL:     27
MP:   39/47         EV: 36    Int: 17    God:    the Shining One [******]
Gold: 17732         SH: 32    Dex: 21    Spells: 43/66 levels left

rFire    + . .     SeeInvis .   b - +7 broad axe (holy)
rCold    + + .     Gourm    +   Q - +5 tower shield of Wasted Space {Regen+ rCorr Int+5 Stlth+}
rNeg     + + +     Faith    .   U - +10 storm dragon scales "Lihodir" {rElec rPois rCorr}
rPois    +         Spirit   +   m - +4 helmet of Obliyxorph {rElec Str+2 Slay+3}
rElec    +         Reflect  .   e - scarf {Spirit}
rCorr    +         Harm     .   W - +0 pair of gloves of Shielding {rC+ Regen+ Dex+4}
MR       +++..     Rnd*Rage +   (no boots)
Stlth    ..........             r - amulet "Vaosh" {Gourm *Drain Dex+5 Slay+3}
HPRegen  1.26/turn              D - ring of Hedonism {rC+ MR+ EV+4}
MPRegen  0.30/turn              q - ring of the Octopus King {rF+ AC+1 EV+1 Str+1 Int+1 Dex+1}

@: glowing, slow
A: +LOS, swims, talons 2, icy blue scales 1, iridescent scales 1, yellow scales
1, berserk 1, blurry vision 1, clumsy 1, deformed body, frail 1, shaggy fur 1,
slowness 1, strong legs 2
0: Orb of Zot
}: 15/15 runes: serpentine, barnacled, slimy, silver, golden, iron, obsidian,
icy, bone, abyssal, demonic, glowing, magical, fiery, dark
a: Hop, Divine Shield, Cleansing Flame, Summon Divine Warrior, Renounce Religion


You escaped.
You worshipped the Shining One.
The Shining One was exalted by your worship.
You were full.

You visited 18 branches of the dungeon, and saw 90 of its levels.
You visited Pandemonium 3 times, and saw 14 of its levels.
You visited the Abyss 7 times.
You visited 1 bazaar.
You also visited: Trove, Sewer, Bailey and Wizlab.

You collected 20992 gold pieces.
You spent 3260 gold pieces at shops.


Innate Abilities, Weirdness & Mutations

You can be seen from farther away. (+LOS)
You can swim through water.
You cover ground slowly.
You can hop long distances.
You have razor-sharp toenails.
You are partially covered in icy blue scales. (AC +2)
You are partially covered in iridescent scales. (AC +2)
You are partially covered in yellow scales. (AC +2)
You tend to lose your temper in combat.
Scrolls take you a little longer to read.
You are clumsy. (Dex -2)
Armour fits poorly on your strangely shaped body.
You are frail. (-10% HP)
You are covered in fur. (AC +1)


   Skills:
 O Level 27 Fighting
 - Level 18.0 Axes
 O Level 27 Armour
 O Level 27 Dodging
 - Level 25.0 Shields
 + Level 20.1 Spellcasting
 - Level 5.0 Hexes
 - Level 6.0 Charms
 - Level 6.0 Translocations
 - Level 15.0 Transmutations
 - Level 22.0 Earth Magic
 O Level 27 Invocations
 - Level 15.0 Evocations


You had 43 spell levels left.
You knew the following spells:

 Your Spells              Type           Power        Failure   Level  Hunger
a - Apportation           Tloc           #####.       1%          1    None
e - Spectral Weapon       Hex/Chrm       #####...     1%          3    None
o - Song of Slaying       Chrm           #####...     1%          2    None
I - Blink                 Tloc           N/A          1%          2    None
S - Shatter               Erth           #######...   58%         9    #######
X - Statue Form           Tmut/Erth      ######...    1%          6    #####..

Your spell library contained the following spells:

 Spells                   Type           Power        Failure   Level  Hunger
 Beastly Appendage        Tmut           ######       0%          1    None
 Sandblast                Erth           ######       0%          1    None
 Passwall                 Tmut/Erth      ######..     0%          2    None
 Corona                   Hex            ####...      1%          1    None
 Infusion                 Chrm           ####         1%          1    None
 Sting                    Tmut/Pois      ####         1%          1    None
 Shroud of Golubria       Chrm/Tloc      #####.       1%          2    None
 Slow                     Hex            ####....     1%          2    None
 Sticks to Snakes         Tmut           ######..     1%          2    None
 Gell's Gravitas          Tloc           #####.....   1%          3    None
 Lesser Beckoning         Tloc           #####.....   1%          3    None
 Portal Projectile        Hex/Tloc       #####.       1%          3    None
 Spider Form              Tmut/Pois      #####.....   1%          3    None
 Stone Arrow              Conj/Erth      ######       1%          3    None
 Leda's Liquefaction      Hex/Erth       ######....   1%          4    None
 Petrify                  Tmut/Erth      ######..     1%          4    None
 Blade Hands              Tmut           ######....   1%          5    ##.....
 Borgnjor's Vile Clutch   Necr/Erth      ######....   1%          5    ##.....
 Lee's Rapid Deconstruct  Erth           #######...   1%          5    ##.....
 Hydra Form               Tmut           ######....   1%          6    #####..
 Swiftness                Chrm/Air       ####....     2%          2    None
 Confusing Touch          Hex            ####....     2%          3    None
 Ignite Poison            Fire/Tmut/Pois ####....     2%          3    None
 Tukima's Dance           Hex            ####....     2%          3    None
 Ice Form                 Ice/Tmut       #####...     2%          4    None
 Yara's Violent Unravell  Hex/Tmut       ######....   2%          5    ##.....
 Ensorcelled Hibernation  Hex/Ice        ####..       3%          2    None
 Ozocubu's Armour         Chrm/Ice       ####....     5%          3    None
 Recall                   Summ/Tloc      N/A          5%          3    None
 Animate Skeleton         Necr           N/A          6%          1    None
 Foxfire                  Conj/Fire      ###.         6%          1    None
 Freeze                   Ice            ###.         6%          1    None
 Magic Dart               Conj           ###.         6%          1    None
 Shock                    Conj/Air       ###.         6%          1    None
 Summon Butterflies       Summ           ###.....     6%          1    None
 Summon Small Mammal      Summ           ###.         6%          1    None
 Dazzling Flash           Conj/Hex       ####..       6%          3    None
 Inner Flame              Hex/Fire       ####....     6%          3    None
 Summon Guardian Golem    Hex/Summ       ####....     6%          3    None
 Cause Fear               Hex            ####......   8%          4    None
 Alistair's Intoxication  Tmut/Pois      #####...     8%          5    ##.....
 Irradiate                Conj/Tmut      #####.....   8%          5    ##.....
 Call Imp                 Summ           ###.....     9%          2    None
 Corpse Rot               Necr/Air       N/A          9%          2    None
 Poisonous Vapours        Pois/Air       ###...       9%          2    None
 Searing Ray              Conj           ###...       9%          2    None
 Sublimation of Blood     Necr           ###.......   9%          2    None
 Bolt of Magma            Conj/Fire/Erth #####.....   9%          5    ##.....
 Iron Shot                Conj/Erth      ######....   10%         6    #####..
 Dragon Form              Tmut           ######....   11%         7    ######.
 Iskenderun's Mystic Bla  Conj/Tloc      ####....     17%         4    None
 Call Canine Familiar     Summ           ###.....     19%         3    None
 Conjure Flame            Conj/Fire      ###.....     19%         3    None
 Frozen Ramparts          Ice            ###...       19%         3    None
 Mephitic Cloud           Conj/Pois/Air  ###.....     19%         3    None
 Static Discharge         Conj/Air       ###.....     19%         3    None
 Fulminant Prism          Conj/Hex       ####......   22%         4    None
 Eringya's Noxious Bog    Tmut/Pois      #####.....   38%         6    #####..
 Excruciating Wounds      Chrm/Necr      ####......   43%         5    ##.....
 Iskenderun's Battlesphe  Conj/Chrm      ####....     43%         5    ##.....
 Airstrike                Air            ###.......   52%         4    None
 Animate Dead             Necr           N/A          52%         4    None
 Dispel Undead            Necr           ###.....     52%         4    None
 Hailstorm                Conj/Ice       ###.....     52%         4    None
 Olgreb's Toxic Radiance  Pois           ###.....     52%         4    None
 Sticky Flame             Conj/Fire      ###.....     52%         4    None
 Summon Ice Beast         Ice/Summ       ###.....     52%         4    None
 Summon Lightning Spire   Summ/Air       ###.....     52%         4    None
 Metabolic Englaciation   Hex/Ice        ####......   52%         5    ##.....
 Silence                  Hex/Air        ####......   52%         5    ##.....
 Summon Mana Viper        Hex/Summ       ####....     52%         5    ##.....
 Dispersal                Tloc           #####.....   61%         6    #####..
 Darkness                 Hex            ####......   75%         6    #####..
 Invisibility             Hex            ####....     75%         6    #####..
 Agony                    Necr           ###.....     86%         5    ##.....
 Fireball                 Conj/Fire      ###.......   86%         5    ##.....
 Lightning Bolt           Conj/Air       ###.......   86%         5    ##.....
 Conjure Ball Lightning   Conj/Air       ###.......   100%        6    #####..
 Death Channel            Necr           ###.......   100%        6    #####..
 Freezing Cloud           Conj/Ice/Air   ###.......   100%        6    #####..
 Ozocubu's Refrigeration  Ice            ###.......   100%        6    #####..
 Shadow Creatures         Summ           N/A          100%        6    #####..
 Simulacrum               Ice/Necr       ###.......   100%        6    #####..
 Starburst                Conj/Fire      ###.......   100%        6    #####..
 Malign Gateway           Summ/Tloc      ####......   100%        7    ######.
 Orb of Destruction       Conj           ###.......   100%        7    ######.
 Ring of Flames           Chrm/Fire      ####......   100%        7    ######.
 Spellforged Servitor     Conj/Summ      ###.......   100%        7    ######.
 Summon Hydra             Summ           ###.......   100%        7    ######.
 Discord                  Hex            ####......   100%        8    #######
 Ignition                 Fire           ###.......   100%        8    #######
 Tornado                  Air            ###.......   100%        9    #######

Inventory:

Hand Weapons
 a - the +7 broad axe of Zeenoq {elec, Str+3}
   (You took it off a balrug on level 7 of Gehenna)

   Occasionally, upon striking a foe, it will discharge some electrical energy
   and cause terrible harm.
   It affects your strength (+3).
 b - a +7 broad axe of holy wrath (weapon)
 F - the +10 broad axe of the Dark Horse {freeze, +Blink rElec Dex+2}
   (Okawaru gifted it to you on level 4 of the Snake Pit)

   It has been specially enchanted to freeze those struck by it, causing extra
   injury to most foes and up to half again as much damage against particularly
   susceptible opponents.
   It can also slow down cold-blooded creatures.
   It affects your dexterity (+2).
   It insulates you from electricity.
   It lets you blink.
Missiles
 B - 12 throwing nets (quivered) {=f}
 R - 6 curare-tipped darts {=f}
Armour
 e - a scarf of spirit shield (worn)
 m - the +4 helmet of Obliyxorph (worn) {rElec Str+2 Slay+3}
   (Okawaru gifted it to you on level 9 of the Dungeon)

   It affects your strength (+2).
   It affects your accuracy and damage with ranged weapons and melee attacks
   (+3).
   It insulates you from electricity.
 K - the +0 hat of Eternal Vigilance {*Drain rPois Int+6 Slay+5}
   (You found it on level 5 of the Vaults)

   It affects your intelligence (+6).
   It affects your accuracy and damage with ranged weapons and melee attacks
   (+5).
   It protects you from poison.
   It causes draining when unequipped.
 Q - the +5 tower shield of Wasted Space (worn) {Regen+ rCorr Int+5 Stlth+}
   (You found it in a treasure trove)

   It affects your intelligence (+5).
   It increases your rate of regeneration.
   It provides partial protection from all sources of acid and corrosion.
   It makes you more stealthy.
 U - the +10 storm dragon scales "Lihodir" (worn) {rElec rPois rCorr}
   (Okawaru gifted it to you on level 3 of the Vaults)

   It insulates you from electricity.
   It protects you from poison.
   It provides partial protection from all sources of acid and corrosion.
 W - the +0 pair of gloves of Shielding (worn) {rC+ Regen+ Dex+4}
   (You took it off Nikola on level 1 of the Vaults)

   It affects your dexterity (+4).
   It protects you from cold.
   It increases your rate of regeneration.
Magical Staves
 w - an uncursed staff of wizardry {!a}
Jewellery
 q - a ring of the Octopus King (right hand) {rF+ AC+1 EV+1 Str+1 Int+1 Dex+1}
   (You found it on level 2 of the Shoals)

   [ring of protection from fire]

   It affects your AC (+1).
   It affects your evasion (+1).
   It affects your strength (+1).
   It affects your intelligence (+1).
   It affects your dexterity (+1).
   It protects you from fire.
 r - the amulet "Vaosh" (around neck) {Gourm *Drain Dex+5 Slay+3}
   (You found it on level 4 of the Depths)

   [amulet of the gourmand]

   It allows you to eat raw meat even when not hungry.
   It affects your dexterity (+5).
   It affects your accuracy and damage with ranged weapons and melee attacks
   (+3).
   It causes draining when unequipped.
 D - the ring of Hedonism (left hand) {rC+ MR+ EV+4}
   (You took it off a frost giant on level 4 of the Depths)

   [ring of evasion]

   It affects your evasion (+4).
   It protects you from cold.
   It affects your resistance to hostile enchantments.
 N - the ring of Scepticism {Wiz rN+ MP+9 Str-2 Int+3 Stlth+}
   (You bought it in a shop in a bazaar)

   [ring of wizardry]

   It improves your spell success rate.
   It affects your strength (-2).
   It affects your intelligence (+3).
   It protects you from negative energy.
   It affects your magic capacity (+9).
   It makes you more stealthy.
 S - the ring of Gitoumar {rF++ Stlth-}
   (You found it on level 4 of the Depths)

   [ring of attention]

   It greatly protects you from fire.
   It makes you less stealthy.
 T - the ring "Gelak" {rElec rF+ MR+}
   (You took it off Jory on level 2 of the Crypt)

   [ring of protection from magic]

   It protects you from fire.
   It insulates you from electricity.
   It affects your resistance to hostile enchantments.
 Z - the ring "Ublix" {rF+ rN+ MP+9 Dex+2 Stlth+}
   (You found it on level 3 of the Tomb of the Ancients)

   [ring of protection from fire]

   It affects your dexterity (+2).
   It protects you from fire.
   It protects you from negative energy.
   It affects your magic capacity (+9).
   It makes you more stealthy.
Wands
 c - a wand of digging (20)
 u - a wand of iceblast (54)
 y - a wand of enslavement (52)
 G - a wand of paralysis (126)
 V - a wand of acid (29)
Scrolls
 d - 5 scrolls of blinking
 g - 3 scrolls of holy word
 h - 16 scrolls of fear
 l - 45 scrolls of remove curse {@r2}
 n - 14 scrolls of fog
 o - 22 scrolls of teleportation {@r4}
 C - a scroll of summoning
 E - 16 scrolls of identify {@r1}
 I - 3 scrolls of enchant armour
Potions
 i - a potion of ambrosia
 j - a potion of berserk rage {!q}
 p - 10 potions of lignification {!q}
 t - 3 potions of resistance
 v - 3 potions of cancellation
 x - 26 potions of heal wounds {@q2}
 z - 26 potions of curing {@q1}
 H - 2 potions of haste {@q3}
 L - 7 potions of might
 M - 13 potions of flight
 P - 5 potions of magic
 Y - a potion of mutation {!q}
Miscellaneous
 A - 4 boxes of beasts
 J - 13 tins of tremorstones
 O - 7 phantom mirrors
 X - a phial of floods
Comestibles
 f - 112 rations {@e1}

Dungeon Overview and Level Annotations

Branches:
Dungeon (15/15)            Temple (1/1) D:5            Lair (6/6) D:9
 Shoals (4/4) Lair:2        Snake (4/4) Lair:2        Slime (5/5) Lair:5
    Orc (2/2) D:12            Elf (3/3) Orc:2        Vaults (5/5) D:14
  Crypt (3/3) Vaults:2       Tomb (3/3) Crypt:3      Depths (5/5) D:15
   Hell (visited)             Dis (7/7) Hell            Geh (7/7) Hell
    Coc (7/7) Hell            Tar (7/7) Hell            Zot (5/5) Depths:5
  Sewer (visited)          Bailey (visited)          WizLab (visited)

Altars:
Ashenzari
Cheibriados
Dithmenos
Elyvilon
Fedhas
Gozag
Hepliaklqana
Kikubaaqudgha
Makhleb
Nemelex Xobeh
Okawaru
Qazlal
Ru
Sif Muna
Trog
Uskayaw
Vehumet
Wu Jian
Xom
Yredelemnul
Zin
The Shining One
Beogh
Jiyva
Lugonu

Shops:
D:4 *%   Orc:1 %%!:   Orc:2 (?:=}   Elf:1 [   Elf:2 =%   Shoals:4 *   Snake:2 :
Vaults:1 [   Depths:2 [*   Depths:4 *

Portals:
Hell: Depths:1 Depths:2 Depths:3 Depths:4 Depths:5
Abyss: Depths:4 Depths:5
Pandemonium: Depths:3 Depths:5
Ziggurat: Depths:4

Annotations:
Lair:2 exclusion: oklob plant
Depths:4 1 exclusion

##..### #.......#
##.######.#[..####
#..###......###..#
..........###....#
..#####.###......# #.#
###........#
..#####......##..#
..)'.......####..#
...'.....### #.@#
.#.'.......####..#
.######......##..#
......###........#
........###......#
..........###....#
.#.........####..#
.##..)....(# ####
.##........##############


There were no monsters in sight!


Message History

You kill the Ice Fiend!
The Shining One accepts your kill.
You feel better.
You feel your power returning.
Your Spellcasting skill increases to level 20!
You block the Orb Guardian's attack. x2; The Orb Guardian misses you.
You carve the Orb Guardian like a ham!!!
You claw the Orb Guardian, but do no damage.
The Orb Guardian is heavily wounded.
You block the Orb Guardian's attack.
You slice the Orb Guardian!!
You claw the Orb Guardian, but do no damage.
The Orb Guardian is almost dead.
You block the Orb Guardian's attack. The Orb Guardian completely misses you.
You hit the Orb Guardian. Your kick misses the Orb Guardian.
The Orb Guardian is almost dead.
You block the Orb Guardian's attack.
You slash the Orb Guardian! Your kick misses the Orb Guardian.
The Orb Guardian is almost dead.
You block the Orb Guardian's attack. x2
You block the Orb Guardian's attack.
There is an open gate here.
You feel yourself speed up. You block the Orb Guardian's attack. x2
You see here a +0 club.
You open the Orb Guardian like a pillowcase!!!
You kill the Orb Guardian!
There is an open gate here.
You recover from your berserk rage.
There is a staircase leading out of the dungeon here.
You have escaped!

Skill      XL: |  1  2  3  4  5  6  7  8  9 10 11 12 13 14 15 16 17 18 19 20 21 22 23 24 25 26 27 |
---------------+----------------------------------------------------------------------------------+-----
Axes           | 3 4 5 6 8 9 11 12 13 15 16 17 18 | 18.0
Armour         | 4 5 6 7 8 9 10 11 12 13 14 15 17 18 19 21 22 24 25 26 27 | 27.0
Shields        | 4 5 6 7 8 9 10 11 12 13 14 15 25 | 25.0
Fighting       | 4 5 6 8 9 10 11 12 14 15 16 18 19 20 22 24 25 26 27 | 27.0
Invocations    | 1 2 3 5 7 8 27 | 27.0
Evocations     | 4 7 9 10 15 | 15.0
Dodging        | 1 7 10 11 13 27 | 27.0
Translocations | 3 5 6 |  6.0
Spellcasting   | 2 20 | 20.1
Charms         | 6 |  6.0
Transmutations | 15 | 15.0
Earth Magic    | 22 | 22.0
Hexes          | 5 |  5.0

Action                   |  1- 3 |  4- 6 |  7- 9 | 10-12 | 13-15 | 16-18 | 19-21 | 22-24 | 25-27 || total
-------------------------+-------+-------+-------+-------+-------+-------+-------+-------+-------++-------
Melee: War axe           |   131 |   172 |   600 |   831 |   808 |   289 |       |       |       ||  2831
       Whip              |       |       |       |       |   463 |  1031 |       |       |       ||  1494
       Broad axe         |       |       |       |       |       |   573 |  1262 |   530 |  8216 || 10581
       Kick              |       |       |       |       |       |       |       |       |  3509 ||  3509
       Headbutt          |       |       |       |       |       |       |       |       |  1951 ||  1951
Throw: Boomerang         |     1 |     7 |    39 |       |     7 |       |       |       |       ||    54
       Dart              |       |       |     5 |       |       |       |       |       |       ||     5
 Cast: Apportation       |       |       |       |       |       |       |       |       |     4 ||     4
       Statue Form       |       |       |       |       |       |       |       |       |     3 ||     3
       Shatter           |       |       |       |       |       |       |       |       |     2 ||     2
Invok: Heroism           |       |       |     8 |     9 |    10 |     8 |     5 |     3 |     1 ||    44
       Finesse           |       |       |       |     1 |     1 |     5 |     2 |     1 |     3 ||    13
       Divine Shield     |       |       |       |       |       |       |       |       |    32 ||    32
       Cleansing Flame   |       |       |       |       |       |       |       |       |    26 ||    26
       Summon Divine War |       |       |       |       |       |       |       |       |    14 ||    14
       Brand Weapon With |       |       |       |       |       |       |       |       |     1 ||     1
 Abil: Hop               |       |       |     2 |     3 |     3 |     4 |     2 |     4 |       ||    18
       Evoke Berserk Rag |       |       |       |     1 |       |       |       |       |       ||     1
       Evoke Blink       |       |       |       |       |       |     1 |       |       |       ||     1
Evoke: Wand              |       |       |       |    10 |     8 |     3 |     9 |       |     8 ||    38
       Phantom mirror    |       |       |       |       |       |       |       |       |     1 ||     1
  Use: Potion            |       |     1 |     1 |     2 |       |     3 |       |     2 |    30 ||    39
       Scroll            |       |       |    15 |     8 |    12 |     9 |     4 |     7 |    69 ||   124
 Stab: Paralysed         |       |       |       |     5 |       |       |       |       |       ||     5
       Petrified         |       |       |       |       |       |     5 |       |       |       ||     5
       Invisible         |       |       |       |       |       |       |       |       |     3 ||     3
       Distracted        |       |       |       |       |       |       |       |       |     2 ||     2
  Eat: Chunk             |     1 |     8 |    17 |    24 |    31 |    24 |    32 |    10 |   134 ||   281
       Ration            |       |       |     2 |     3 |     2 |     9 |     3 |     3 |    20 ||    42
Armor: Chain mail        |    99 |    81 |   254 |       |       |       |       |       |       ||   434
       Scale mail        |     2 |       |       |       |       |       |       |       |       ||     2
       Plate armour      |       |       |    68 |   436 |    70 |       |       |       |       ||   574
       Crystal plate arm |       |       |       |       |   507 |   737 |   334 |       |       ||  1578
       Storm dragon scal |       |       |       |       |       |       |   185 |   361 |  1495 ||  2041
       Skin              |       |       |       |       |       |       |       |       |     3 ||     3
Dodge: Dodged            |    43 |    43 |   112 |   153 |   155 |   224 |   349 |   282 |  3359 ||  4720
Block: Kite shield       |    79 |   122 |   287 |   508 |   772 |  1025 |   778 |   444 |  1214 ||  5229
       Tower shield      |       |       |       |       |       |       |       |       |  6834 ||  6834

Levels and vault maps discovered:
D:1:      lemuel_arrival_funnel, layout_rooms
D:2:      layout_basic, first_ration, grunt_decor_fettered, solitary_fountain,
          minmay_circle_x
D:3:      layout_rooms, marbit_many_paths, minmay_overflow_temple_hex
D:4:      layout_loops_corners, serial_shops, kennysheep_little_box,
          nicolae_shop_crystal, abandoned_shop, uniq_natasha
D:5:      layout_basic, minmay_temple_entry_drinking_statues,
          portal_sewer_entry_f
D:6:      layout_basic, uniq_blork_the_orc
D:7:      layout_rooms, grunt_temple_overflow_gold_and_silver,
          hangedman_misty_isle
D:8:      layout_basic, blue_anna_alchemist [blue_anna_fruit_fields,
          blue_anna_fruit_fields], hangedman_minor_gate_pass
D:9:      layout_roguey, erik_lair_island, uniq_harold, uniq_maurice
D:10:     minmay_goldmine, layout_irregular_city, uniq_grum
D:11:     layout_gridville, biasface_ghost_orc_armoury, serial_glass,
          glass_columns_b, glass_columns_a, due_unseen_surprise, feat_on_display
D:12:     layout_roguey, orc_0_dummy, uniq_azrael
D:13:     layout_loops_ring, minivault_5, uniq_snorg, uniq_urug
D:14:     layout_rooms, grunt_vaults_entry_fortified, serial_park_square1
          [serial_park_minivault_5x5_3], enter_trove_3
D:15:     hangedman_depths_entry_civil_slaughter, layout_rooms, minivault_5
Temple:   cyrus_circular_temple
Lair:1:   beast_lair_carwin_large_2, layout_cellular_growth, basic_altar,
          nicolae_quartered_pool_little
Lair:2:   minmay_guarded_unrand_snakebite, layout_long_grid, shoals_dummy_entry,
          minmay_snake_entry_six_corridors, beast_lair_carwin_7,
          minmay_lair_oklob_chamber
Lair:3:   cheibrodos_magma_flow, layout_cave_pods, lemuel_fruit_fields,
          infiniplex_staircase_pool_2, uniq_rupert
Lair:4:   layout_roguey, lemuel_fruit_fields, lemuel_fruit_fields
Lair:5:   layout_gridlike, minmay_slime_entry_pillars, special_room
          [special_room_bee], st_stairs_5
Lair:6:   minmay_lair_end_frog_pond, layout_regular_city,
          small_statue_intersection, st_stairs_6, serial_bayou_pond_c,
          chequers_serial_rivers_micro_b
Shoals:1: layout_shoals, hangedman_shoal_volcano
Shoals:2: gammafunk_the_bubble [the_bubble_gammafunk_roulette], layout_shoals,
          uniq_polyphemus
Shoals:3: layout_shoals
Shoals:4: shoals_end_grunt_ice, layout_shoals, minmay_shop_mayhem
Snake:1:  layout_rooms, grunt_ministairs_3, uniq_aizul
Snake:2:  layout_rooms, serial_shops, nicolae_shop_behind_doors,
          hangedman_snake_corridor_cut, uniq_agnes
Snake:3:  onia_ninara_swampy_vault, layout_chambers
Snake:4:  grunt_snake_rune_pools, layout_cave_town, uniq_kirke
Slime:1:  layout_caves
Slime:2:  layout_caves
Slime:3:  layout_caves, basic_altar
Slime:4:  layout_caves
Slime:5
Orc:1:    layout_caves, enter_bailey_3, basic_altar, serial_shops, shop_statue,
          shop, shop_fountains, nicolae_shop_crystal, uniq_erica
Orc:2:    st_orc_elflike, layout_caves, serial_shops, nicolae_shop_crystal,
          lightli_church_of_beogh
Elf:1:    eino_elf_arrival_sip, layout_loops_ring, serial_shops, shop_statue,
          minmay_elf_demonology, uniq_louise
Elf:2:    layout_geoelf_diagonals, minmay_shoptagon
Elf:3:    grunt_elf_hall_asides, layout_geoelf_castle
Vaults:1: vaults_room_door_ring, hangedman_vaults_impose, grunt_vaults_swirl,
          nicolae_vaults_twisting_passages, nicolae_vaults_specimen_jars,
          nicolae_vaults_mini_display_case, vaults_mumra_lcd,
          ontoclasm_vaults_ligature, ontoclasm_vaults_decontamination,
          layout_vaults_omnicross, serial_shops, shop, uniq_nikola
Vaults:2: minmay_crypt_entry_simple_statues, v_misc_29,
          ontoclasm_vaults_ring_square, v_rooms_1, v_misc_32, v_misc_1,
          vaults_standard_mumra_enter_the_diamond, ontoclasm_vaults_shuriken,
          layout_vaults_ring
Vaults:3: dpeg_vaults_monster_box, nicolae_vaults_stairing_the_circle, v_misc_8,
          vaults_dpeg_ring, vaults_room_large_hall, nicolae_vaults_rhombus_7,
          hangedman_vaults_nails, vaults_dpeg_hooks,
          nicolae_vaults_border_crossing, ontoclasm_vaults_tryst,
          layout_vaults_quadrants, uniq_asterion
Vaults:4: nicolae_vaults_octagons, v_misc_33, hangedman_vaults_nodes, v_rooms_2,
          ontoclasm_vaults_spin, grunt_vaults_trifunnel,
          nicolae_vaults_network_quinsquares
          [nicolae_vaults_network_quincunx_subvault,
          nicolae_vaults_network_quincunx_subvault,
          nicolae_vaults_network_quincunx_subvault,
          nicolae_vaults_network_quincunx_subvault], nicolae_vaults_theta,
          ontoclasm_vaults_misaligned, v_misc_22, grunt_vaults_diagonal,
          vaults_room_stairs_pillars, grunt_vaults_hallway_short,
          vaults_room_pool, v_misc_14, layout_vaults_maze_snakey
Vaults:5
Crypt:1:  layout_rooms, ebering_ghost_rock_garden
Crypt:2:  lemuel_vampire_tower, layout_chaotic_city,
          lemuel_mausoleum_altar_kikubaaqudgha
Crypt:3:  lightli_unholy_cathedral, layout_chaotic_city,
          nicolae_tomb_entry_rubble_hallway
Tomb:1
Tomb:2:   uniq_mennas
Tomb:3:   uniq_jory
Depths:1: layout_cave_shapes, hell_entry, ebering_dispersal_statue_hall,
          serial_rivers, chequers_serial_rivers_room_a,
          chequers_serial_rivers_room_b, chequers_serial_rivers_room_b,
          chequers_serial_rivers_micro_c, chequers_serial_rivers_large_a,
          lemuel_flame_loot_1
Depths:2: hangedman_hanging_gardens, layout_basic, mu_enter_wizlab_4,
          serial_shops, bzr_entry_gold, nicolae_shop_statue_plus,
          nicolae_shop_stone, chequers_serial_rivers_marsh,
          pf_vacation_house_of_asmodeus, cheibriados_altar_1
Depths:3: evilmike_library_of_no_secrets, layout_basic, pan_entry, hell_entry,
          hangedman_abyss_or_decor_slice, nrook_pool_corridor,
          evilmike_ruin_ashenzari, uniq_margery
Depths:4: minmay_the_grid_triangle_9x9_recursive_3
          [minmay_the_grid_triangle_9x9_steps,
          minmay_the_grid_triangle_9x9_cache,
          minmay_the_grid_triangle_9x9_zippers_vertical,
          minmay_the_grid_triangle_9x9_prize_special,
          minmay_the_grid_triangle_9x9_pentomino_pain,
          minmay_the_grid_triangle_9x9_shrine,
          minmay_the_grid_triangle_9x9_longest,
          minmay_the_grid_triangle_9x9_intruding_spiral,
          minmay_the_grid_triangle_9x9_descending_squares], layout_cave_pools,
          enter_ziggurat_d, minmay_misc_feat_chi,
          nicolae_abyss_entry_one_way_or_another, hell_entry,
          guppyfry_shop_venom, infiniplex_staircase_door_maze, uniq_xtahua
Depths:5: grunt_x_marks_the_spot, layout_cave_pools, hell_entry,
          chequers_serial_rivers_small_b, abyss_entry_flame_altar, pan_entry,
          minmay_liquid_box, uniq_frederick
Hell
Dis:1:    layout_jigsaw
Dis:2:    layout_chaotic_city, nicolae_dis_strange_trophy_room
Dis:3:    layout_regular_city
Dis:4:    layout_regular_city
Dis:5:    layout_gridville
Dis:6:    layout_chaotic_city
Dis:7:    dis_hangedman
Geh:1:    layout_gehenna_pools_basic
Geh:2:    layout_gehenna_pools_basic, lemuel_hellion_isle
Geh:3:    layout_gehenna_lava_caves
Geh:4:    layout_gehenna_lava_caves
Geh:5:    layout_gehenna_lava_caves
Geh:6:    layout_gehenna_pools_box, lemuel_flamethrower_2, grunt_megastairs_3
Geh:7:    geh_grunt_pentagon
Coc:1:    layout_ice_bergs
Coc:2:    layout_cocytus_water_paths
Coc:3:    layout_ice_bergs
Coc:4:    layout_ice_bergs
Coc:5:    layout_ice_bergs
Coc:6:    layout_ice_bergs
Coc:7:    coc_mu
Tar:1:    layout_cathedral_of_symmetry
Tar:2:    grunt_deathspiral_small, layout_cathedral_of_symmetry,
          nicolae_tar_cuneiform_water, lemuel_nasty_fountain
Tar:3:    layout_grid_maze
Tar:4:    layout_grid_maze
Tar:5:    layout_honeycomb
Tar:6:    layout_grid_maze
Tar:7:    tar_old
Zot:1:    layout_gridlike, st_small_dragon_hoard_3
Zot:2:    layout_cathedral_of_symmetry
Zot:3:    layout_basic
Zot:4:    layout_cellular_growth
Zot:5:    layout_misc_corridors, st_stairs_9

Notes
Turn   | Place    | Note
-------+----------+-------------------------------------------
     0 | D:1      | waywinkle the Barachi Fighter began the quest for the Orb.
     0 | D:1      | Reached XP level 1. HP: 18/18 MP: 1/1
   206 | D:1      | Reached XP level 2. HP: 24/24 MP: 2/2
   569 | D:2      | Reached skill level 3 in Axes
   651 | D:2      | Reached XP level 3. HP: 29/29 MP: 3/3
   655 | D:2      | Reached skill level 4 in Armour
  1057 | D:2      | Noticed a centaur
  1069 | D:2      | Killed a centaur
  1069 | D:2      | Reached skill level 4 in Axes
  1069 | D:2      | Reached skill level 4 in Shields
  1069 | D:2      | Reached XP level 4. HP: 7/36 MP: 4/4
  1069 | D:2      | Reached XP level 5. HP: 8/41 MP: 5/5
  2206 | D:3      | Reached skill level 5 in Armour
  2206 | D:3      | Reached XP level 6. HP: 33/47 MP: 2/6
  2431 | D:2      | Reached skill level 5 in Axes
  2888 | D:3      | Found a hide-covered altar of Uskayaw.
  2890 | D:3      | Found an iron altar of Okawaru.
  2913 | D:3      | Found a shimmering blue altar of Sif Muna.
  2913 | D:3      | Found a burning altar of Makhleb.
  3028 | D:3      | Found a white marble altar of Elyvilon.
  3033 | D:3      | Became a worshipper of Warmaster Okawaru
  3053 | D:3      | Found a hazy altar of Hepliaklqana.
  3120 | D:3      | Found a bloodstained altar of Trog.
  3356 | D:4      | Noticed Natasha
  3362 | D:4      | Killed Natasha
  3369 | D:4      | Noticed Natasha
  3374 | D:4      | Killed Natasha
  3384 | D:4      | Reached skill level 5 in Shields
  3395 | D:4      | Reached XP level 7. HP: 47/52 MP: 7/7
  3507 | D:4      | You fall into a shaft and drop 3 floors!
  3541 | D:7      | Reached skill level 6 in Axes
  3856 | D:7      | Upgraded the game from 0.25-a0-861-g340c9e8 to
                  | 0.25-a0-869-g05d4e06
  4355 | D:6      | Noticed Blork the orc
  4387 | D:7      | Killed Blork the orc
  4387 | D:7      | Reached skill level 4 in Fighting
  4387 | D:7      | Reached skill level 6 in Armour
  4387 | D:7      | Reached skill level 1 in Invocations
  4710 | D:5      | Entered Level 5 of the Dungeon
  4738 | D:5      | Found a glowing drain.
  4759 | Sewer    | Entered a sewer
  4964 | Sewer    | Reached * piety under Okawaru
  4973 | Sewer    | Reached XP level 8. HP: 54/60 MP: 6/8
  5171 | Sewer    | Reached skill level 7 in Axes
  5527 | D:5      | Found a staircase to the Ecumenical Temple.
  5647 | D:5      | Reached skill level 2 in Invocations
  5661 | D:5      | Reached skill level 6 in Shields
  5840 | D:5      | Reached skill level 5 in Fighting
  5942 | D:4      | Found Qazash's Food Boutique.
  5953 | D:4      | Reached ** piety under Okawaru
  5953 | D:4      | Reached skill level 8 in Axes
  6147 | D:4      | Noticed Natasha
  6154 | D:4      | Killed Natasha
  6272 | D:4      | Found Uroz's Assorted Antiques.
  6607 | D:4      | Reached skill level 7 in Armour
  6607 | D:4      | Reached XP level 9. HP: 68/68 MP: 9/11
  7235 | D:6      | Reached skill level 3 in Invocations
  7743 | D:6      | Reached skill level 6 in Fighting
  7743 | D:6      | Reached skill level 9 in Axes
  8218 | D:7      | Reached skill level 7 in Shields
  8243 | D:7      | Reached *** piety under Okawaru
  8449 | D:6      | Reached skill level 8 in Armour
  8689 | D:7      | Reached XP level 10. HP: 75/77 MP: 12/12
  8748 | D:7      | Reached skill level 4 in Invocations
  9598 | D:7      | Found a glowing silver altar of Zin.
  9598 | D:7      | Found an opulent altar of Gozag.
  9660 | D:8      | Reached skill level 7 in Fighting
  9717 | D:8      | Reached skill level 10 in Axes
  9769 | D:8      | Noticed a two-headed ogre
  9899 | D:8      | Reached **** piety under Okawaru
 10388 | D:8      | Killed a two-headed ogre
 11089 | D:8      | Reached skill level 8 in Shields
 11540 | D:9      | Noticed Maurice
 11564 | D:9      | Killed Maurice
 11564 | D:9      | Received a gift from Okawaru
 11564 | D:9      | Reached skill level 9 in Armour
 11564 | D:9      | Reached skill level 5 in Invocations
 12120 | D:9      | Noticed Harold
 12332 | D:8      | Reached skill level 8 in Fighting
 12332 | D:8      | Reached skill level 11 in Axes
 12579 | D:9      | Killed Harold
 12579 | D:9      | Reached ***** piety under Okawaru
 12579 | D:9      | Reached XP level 11. HP: 87/87 MP: 9/14
 13573 | D:9      | Found a staircase to the Lair.
 13707 | D:9      | Received a gift from Okawaru
 13711 | D:9      | Got a twisted helmet {god gift}
 13720 | D:9      | Identified the +4 helmet of Obliyxorph {rElec Str+2 Slay+3}
                  | (Okawaru gifted it to you on level 9 of the Dungeon)
 13951 | D:10     | Entered Level 10 of the Dungeon
 13979 | D:10     | Got a crude war axe
 14008 | D:10     | Identified the +7 war axe of Fosharap {freeze, rElec Dex+4
                  | Stlth+} (You found it on level 10 of the Dungeon)
 14097 | D:10     | Killed an unseen horror
 14097 | D:10     | Reached skill level 9 in Shields
 14163 | D:10     | Reached skill level 12 in Axes
 14245 | D:10     | Reached skill level 9 in Fighting
 14268 | D:10     | Reached skill level 10 in Armour
 14273 | D:10     | Noticed Grum
 14303 | D:10     | Killed Grum
 15174 | D:11     | Killed an unseen horror
 15304 | D:11     | Reached XP level 12. HP: 96/96 MP: 16/16
 15526 | D:11     | Reached skill level 6 in Invocations
 15546 | D:11     | Found a runed translucent gate.
 15546 | D:11     | Found a runed translucent gate.
 15546 | D:11     | Noticed Onakli's ghost (journeyman DsFi)
 15547 | D:11     | Found a runed translucent gate.
 15547 | D:11     | Found a roughly hewn altar of Beogh.
 15547 | D:11     | Identified the +5 quarterstaff "Jellybane" {speed, rN+
                  | Str+3 Int+3}
 16162 | D:11     | Killed Onakli's ghost
 16367 | D:11     | Got a crude cloak
 16419 | D:11     | Identified the +2 cloak "Notiem" {rElec rC+ Dex+2} (You
                  | found it on level 11 of the Dungeon)
 16503 | Lair:1   | Entered Level 1 of the Lair of Beasts
 16523 | Lair:1   | Reached skill level 13 in Axes
 16803 | Lair:1   | Found a shattered altar of Ashenzari.
 16831 | Lair:1   | Reached skill level 10 in Fighting
 16845 | Lair:1   | Received a gift from Okawaru
 16962 | Lair:1   | Reached skill level 10 in Shields
 17355 | Lair:2   | Reached skill level 11 in Armour
 17536 | Lair:2   | Received a gift from Okawaru
 17547 | Lair:2   | Got a translucent war axe {god gift}
 17549 | Lair:2   | Identified the +1 war axe of Sunlight {vamp, rElec rF+}
                  | (Okawaru gifted it to you on level 2 of the Lair of Beasts)
 17839 | Lair:2   | Found a staircase to the Snake Pit.
 17841 | Lair:2   | Reached skill level 7 in Invocations
 17841 | Lair:2   | Gained mutation: You can hop long distances. [Barachi
                  | growth]
 17841 | Lair:2   | Reached XP level 13. HP: 104/104 MP: 18/18
 17977 | Lair:2   | Reached skill level 14 in Axes
 18146 | Lair:2   | HP: 10/105 [poisoned by a black mamba]
 18152 | Lair:2   | HP: 10/105 [poisoned by a black mamba]
 18160 | Lair:2   | HP: 10/105 [poisoned by a black mamba]
 18556 | Lair:2   | Found the +8 whip "Snakebite" {curare, rPois}
 18767 | Lair:2   | Found a staircase to the Shoals.
 19374 | Lair:3   | Received a gift from Okawaru
 19374 | Lair:3   | Reached skill level 11 in Fighting
 19738 | Lair:3   | Noticed Rupert
 19770 | Lair:3   | Killed Rupert
 19770 | Lair:3   | Reached skill level 11 in Shields
 20359 | Lair:4   | Reached skill level 12 in Armour
 20547 | Lair:4   | Reached ****** piety under Okawaru
 20584 | Lair:4   | Received a gift from Okawaru
 20939 | Lair:4   | Identified a +1 crystal plate armour (Okawaru gifted it to
                  | you on level 4 of the Lair of Beasts)
 21072 | Lair:5   | Reached skill level 15 in Axes
 21072 | Lair:5   | Reached skill level 8 in Invocations
 21091 | Lair:5   | Got a distressingly furry plate armour
 21095 | Lair:5   | Identified the cursed +0 plate armour "Ocabargh" {-Tele rN+
                  | MP+9} (You found it on level 5 of the Lair of Beasts)
 21266 | Lair:5   | Reached XP level 14. HP: 86/114 MP: 13/20
 21918 | Lair:5   | Found a staircase to the Slime Pits.
 22033 | Lair:6   | Entered Level 6 of the Lair of Beasts
 22054 | Lair:6   | Reached skill level 12 in Fighting
 22101 | Lair:6   | Reached skill level 1 in Evocations
 22147 | Lair:6   | Received a gift from Okawaru
 22245 | Lair:6   | Reached skill level 2 in Evocations
 22674 | Lair:6   | Reached skill level 12 in Shields
 22758 | Lair:6   | Reached skill level 3 in Evocations
 22775 | Lair:6   | Received a gift from Okawaru
 22778 | Lair:6   | Got a dazzling kite shield {god gift}
 22798 | Lair:6   | Reached skill level 13 in Armour
 22803 | Lair:6   | Reached skill level 16 in Axes
 23053 | Lair:6   | Reached skill level 4 in Evocations
 23360 | Lair:5   | Identified the +0 kite shield of Exclusion {-Tele Str+4
                  | Int+3 Slay-3} (Okawaru gifted it to you on level 6 of the
                  | Lair of Beasts)
 24228 | D:12     | Reached XP level 15. HP: 122/122 MP: 21/21
 24306 | D:12     | Reached skill level 13 in Fighting
 24386 | D:12     | Found a staircase to the Orcish Mines.
 24421 | D:12     | Reached skill level 5 in Evocations
 24530 | D:12     | Noticed Azrael
 24535 | D:12     | Killed Azrael
 25005 | D:13     | Identified a +1 robe of resistance
 25069 | D:13     | Noticed Snorg
 25084 | D:13     | Killed Snorg
 25412 | D:13     | Reached skill level 6 in Evocations
 25415 | D:13     | Noticed Urug
 25424 | D:13     | Killed Urug
 25779 | D:14     | Reached skill level 13 in Shields
 25789 | D:14     | Reached skill level 14 in Armour
 26211 | D:14     | Received a gift from Okawaru
 26216 | D:14     | Got a dazzling cloak {god gift}
 26234 | D:14     | Identified the +0 cloak "Noittego" {rN+ rCorr} (Okawaru
                  | gifted it to you on level 14 of the Dungeon)
 26698 | D:14     | Reached skill level 7 in Evocations
 26948 | D:14     | Found a gate to the Vaults.
 27037 | D:14     | Found a portal to a secret trove of treasure.
 27201 | D:15     | Entered Level 15 of the Dungeon
 27233 | D:14     | Reached skill level 14 in Fighting
 27631 | D:15     | Received a gift from Okawaru
 27642 | D:15     | Found a staircase to the Depths.
 27700 | D:15     | Reached XP level 16. HP: 119/133 MP: 20/22
 28070 | Orc:1    | Entered Level 1 of the Orcish Mines
 28070 | Orc:1    | Found Safeet's Food Shop.
 28076 | Orc:1    | Noticed Erica
 28085 | Orc:1    | Killed Erica
 28085 | Orc:1    | Reached skill level 8 in Evocations
 28106 | Orc:1    | Found a flagged portal.
 28111 | Bailey   | Entered a bailey
 28638 | Bailey   | Found an iron altar of Okawaru.
 28901 | Orc:1    | Received a gift from Okawaru
 28926 | Orc:1    | Found Gintog's Distillery.
 29142 | Orc:1    | Found Vauty's Food Emporium.
 29442 | Orc:2    | Entered Level 2 of the Orcish Mines
 29442 | Orc:2    | Found a staircase to the Elven Halls.
 29659 | Orc:1    | Found a radiant altar of Vehumet.
 29659 | Orc:1    | Found Lutix's Book Shoppe.
 29894 | Orc:2    | Found Boxziveit's Antique Weapon Boutique.
 30009 | Orc:2    | Found a runed translucent door.
 30049 | Orc:2    | Reached skill level 15 in Armour
 30065 | Orc:2    | Found a roughly hewn altar of Beogh.
 30207 | Orc:2    | Found Qedeumiv's Magic Scroll Shop.
 30223 | Orc:2    | Reached skill level 14 in Shields
 30248 | Orc:2    | Identified a +2 robe of the Archmagi
 30260 | Orc:2    | Received a gift from Okawaru
 30273 | Orc:2    | Found Jabroacw's Jewellery Emporium.
 30283 | Orc:2    | Reached skill level 9 in Evocations
 30574 | Orc:2    | Found Daguest's Gadget Emporium.
 30576 | Orc:2    | Found Ibaz's Book Shop.
 30695 | Orc:2    | Bought a wand of clouds (7) for 495 gold pieces
 30705 | Orc:2    | Bought a scroll of blinking for 97 gold pieces
 30770 | Orc:1    | Bought a potion of haste for 150 gold pieces
 30770 | Orc:1    | Bought a potion of might for 60 gold pieces
 30918 | Snake:1  | Entered Level 1 of the Snake Pit
 31512 | Snake:1  | Reached skill level 15 in Fighting
 31601 | Snake:1  | Noticed Aizul
 31628 | Snake:1  | Killed Aizul
 32936 | Snake:2  | Found Ymminic's Book Boutique.
 33158 | Snake:2  | Received a gift from Okawaru
 33483 | Snake:2  | Noticed Agnes
 33489 | Snake:2  | Killed Agnes
 33495 | Snake:2  | Reached XP level 17. HP: 123/142 MP: 22/24
 33503 | Snake:2  | Reached skill level 10 in Evocations
 34484 | Snake:3  | Received a gift from Okawaru
 34525 | Snake:3  | Got a faintly humming scale mail {god gift}
 34543 | Snake:2  | Identified the +1 scale mail of the Castellan {rElec Str+2
                  | Int+4} (Okawaru gifted it to you on level 3 of the Snake
                  | Pit)
 34711 | Snake:3  | Reached skill level 16 in Armour
 34977 | Snake:3  | Reached skill level 15 in Shields
 35729 | Snake:3  | Reached skill level 16 in Fighting
 36602 | Snake:4  | Entered Level 4 of the Snake Pit
 37246 | Snake:4  | Noticed Kirke
 37273 | Snake:4  | Killed Kirke
 37273 | Snake:4  | Received a gift from Okawaru
 37277 | Snake:4  | Got an iridescent broad axe {god gift}
 37280 | Snake:4  | Identified the +10 broad axe of the Dark Horse {freeze,
                  | +Blink rElec Dex+2} (Okawaru gifted it to you on level 4 of
                  | the Snake Pit)
 37702 | Snake:4  | Reached skill level 17 in Axes
 38554 | Snake:4  | Received a gift from Okawaru
 38664 | Snake:4  | Reached skill level 17 in Armour
 38922 | Snake:4  | Reached XP level 18. HP: 136/153 MP: 23/25
 39119 | Snake:4  | Reached skill level 17 in Fighting
 40256 | Snake:4  | Received a gift from Okawaru
 40259 | Snake:4  | Got a jewelled war axe {god gift}
 40264 | Snake:4  | Identified the +5 war axe of Pofos {vorpal, *Rage rC+++ MR+
                  | Int-5} (Okawaru gifted it to you on level 4 of the Snake
                  | Pit)
 40661 | Snake:4  | Got a serpentine rune of Zot
 41008 | Shoals:1 | Entered Level 1 of the Shoals
 41410 | Shoals:1 | Received a gift from Okawaru
 41952 | Shoals:2 | Reached skill level 18 in Axes
 41998 | Shoals:2 | Reached skill level 18 in Armour
 42258 | Shoals:2 | Found a transporter.
 42268 | Shoals:2 | Found a transporter.
 42269 | Shoals:2 | Found a transporter.
 42289 | Shoals:2 | Noticed Polyphemus
 42303 | Shoals:2 | Killed Polyphemus
 42303 | Shoals:2 | Received a gift from Okawaru
 42303 | Shoals:2 | Reached skill level 18 in Fighting
 42307 | Shoals:2 | Found the ring of the Octopus King
 42453 | Shoals:2 | Got a ring of the Octopus King
 42454 | Shoals:2 | Identified a ring of the Octopus King {rF+ AC+1 EV+1 Str+1
                  | Int+1 Dex+1} (You found it on level 2 of the Shoals)
 42474 | Shoals:2 | Found a transporter.
 42777 | Shoals:2 | Found a transporter.
 42835 | Shoals:2 | Reached skill level 1 in Dodging
 42857 | Shoals:2 | Reached XP level 19. HP: 156/164 MP: 19/26
 42861 | Shoals:2 | Reached skill level 2 in Dodging
 43356 | Shoals:3 | Reached skill level 3 in Dodging
 43823 | Shoals:4 | Entered Level 4 of the Shoals
 43823 | Shoals:4 | Found Ataemm's Mayhem Merchandise.
 43847 | Shoals:4 | Received a gift from Okawaru
 43999 | Shoals:4 | Reached skill level 4 in Dodging
 44013 | Shoals:4 | Reached skill level 19 in Armour
 44020 | Shoals:4 | Got a barnacled rune of Zot
 44462 | Shoals:3 | Reached skill level 5 in Dodging
 44938 | Shoals:4 | Reached skill level 19 in Fighting
 46021 | Vaults:1 | Entered Level 1 of the Vaults
 46043 | Vaults:1 | Reached skill level 6 in Dodging
 46141 | Vaults:1 | Received a gift from Okawaru
 46288 | Vaults:1 | Identified the cursed +0 pair of gloves of Shielding {rC+
                  | Regen+ Dex+4}
 46288 | Vaults:1 | Noticed Nikola
 46301 | Vaults:1 | Killed Nikola
 46604 | Vaults:1 | Reached skill level 7 in Dodging
 46842 | Vaults:1 | Found Fyomeerr's Antique Armour Emporium.
 46852 | Vaults:1 | Bought a glowing kite shield for 210 gold pieces
 46960 | Vaults:1 | Received a gift from Okawaru
 47386 | Vaults:2 | Gained mutation: You tend to lose your temper in combat. [a
                  | shining eye]
 47401 | Vaults:2 | Noticed a curse skull
 47438 | Vaults:2 | Reached XP level 20. HP: 147/175 MP: 25/27
 47457 | Vaults:2 | Killed a curse skull
 47457 | Vaults:2 | Reached skill level 8 in Dodging
 47723 | Vaults:2 | Found a staircase to the Crypt.
 47763 | Vaults:2 | Reached skill level 20 in Armour
 48370 | Vaults:2 | Reached skill level 9 in Dodging
 48376 | Vaults:2 | Reached skill level 20 in Fighting
 48441 | Vaults:2 | Received a gift from Okawaru
 49094 | Vaults:3 | Noticed Asterion
 49111 | Vaults:2 | Killed Asterion
 49387 | Vaults:3 | Received a gift from Okawaru
 49387 | Vaults:3 | Reached skill level 10 in Dodging
 49403 | Vaults:3 | Got pitted storm dragon scales {god gift}
 49450 | Vaults:2 | Identified the +10 storm dragon scales "Lihodir" {rElec
                  | rPois rCorr} (Okawaru gifted it to you on level 3 of the
                  | Vaults)
 50406 | Vaults:3 | Reached skill level 21 in Armour
 50947 | Vaults:4 | Reached XP level 21. HP: 182/185 MP: 28/28
 51048 | Vaults:4 | Reached skill level 21 in Fighting
 51166 | Vaults:4 | Received a gift from Okawaru
 51212 | Vaults:4 | Received a gift from Okawaru
 51583 | Vaults:4 | Received a gift from Okawaru
 51962 | Vaults:4 | Received a gift from Okawaru
 51967 | Vaults:4 | Identified the +0 helmet of Rationality {Slay+2} (Okawaru
                  | gifted it to you on level 4 of the Vaults)
 52391 | Elf:1    | Entered Level 1 of the Elven Halls
 52456 | Elf:1    | Reached skill level 22 in Armour
 52493 | Elf:1    | Identified the Incunabulum of Summoning
 52891 | Elf:1    | Reached skill level 22 in Fighting
 52973 | Elf:1    | Found Meuh Few's Armour Emporium.
 52986 | Elf:1    | Bought a +2 pair of boots for 297 gold pieces
 53136 | Elf:2    | Found Gimurph's Food Shop.
 53136 | Elf:2    | Found Muihon's Jewellery Boutique.
 53511 | Elf:2    | Found a huge runed translucent gate.
 53511 | Elf:2    | Found a huge runed translucent gate.
 53511 | Elf:2    | Found a huge runed translucent gate.
 53512 | Elf:2    | Found a huge runed translucent gate.
 53512 | Elf:2    | Found a huge runed translucent gate.
 54417 | Elf:3    | Entered Level 3 of the Elven Halls
 54438 | Elf:3    | Received a gift from Okawaru
 54438 | Elf:3    | Reached XP level 22. HP: 110/198 MP: 29/29
 55664 | Elf:3    | Identified the ring "Oschorchu" {*Contam rPois Dex+6 SInv
                  | Stlth+}
 55715 | Elf:3    | Received a gift from Okawaru
 55715 | Elf:3    | Reached skill level 23 in Armour
 56101 | Elf:3    | Got a slimy hand crossbow {god gift}
 56106 | Elf:3    | Identified the +2 hand crossbow of Hiclatuss {venom, MP+9
                  | Str+3 Int+3} (Okawaru gifted it to you on level 3 of the
                  | Elven Halls)
 56283 | Elf:3    | Identified the +7 great sword "Imaqoorch" {freeze, rC+
                  | SInv}
 56313 | Elf:3    | Reached skill level 23 in Fighting
 56731 | Elf:3    | Received a gift from Okawaru
 57333 | Depths:1 | Entered Level 1 of the Depths
 57792 | Depths:1 | Received a gift from Okawaru
 58259 | Depths:1 | Found a gateway to Hell.
 58574 | Depths:2 | Found Xowa's General Store.
 58602 | Depths:2 | Found a snail-covered altar of Cheibriados.
 58608 | Depths:2 | Found a flickering gateway to a bazaar.
 58628 | Bazaar   | Entered a bazaar
 58643 | Bazaar   | Found Lyga's Food Emporium.
 58662 | Bazaar   | Found Qozur's Antique Weapon Emporium.
 58662 | Bazaar   | Found Ygest's Weapon Shoppe.
 58685 | Bazaar   | Found Wamuefeff's Food Emporium.
 58685 | Bazaar   | Found Soikeud's Antique Armour Shoppe.
 58703 | Bazaar   | Found Mir Peamakk's Weapon Emporium.
 58703 | Bazaar   | Found Plog's Jewellery Shoppe.
 58714 | Bazaar   | Bought the ring of Scepticism {Wiz rN+ MP+9 Str-2 Int+3
                  | Stlth+} for 585 gold pieces
 58775 | Depths:2 | Reached skill level 24 in Armour
 58838 | Depths:2 | Found Wiurub's Armour Shop.
 58878 | Depths:2 | Found a magical portal.
 59309 | WizLab   | Found the +9 staff of Wucad Mu {channel}
 59357 | WizLab   | Identified a potion of experience
 59358 | WizLab   | Reached skill level 24 in Fighting
 59358 | WizLab   | Reached XP level 23. HP: 136/209 MP: 12/30
 59644 | Depths:2 | Bought a potion of haste for 170 gold pieces
 59644 | Depths:2 | Bought a potion of experience for 850 gold pieces
 59644 | Depths:2 | Reached XP level 24. HP: 217/217 MP: 30/30
 59819 | Depths:2 | Reached XP level 25. HP: 225/225 MP: 30/30
 59977 | Depths:2 | Bought a +0 pair of boots of running for 346 gold pieces
 60024 | Depths:2 | Received a gift from Okawaru
 60504 | Depths:2 | Identified the +7 plate armour "Ithod" {+Blink Dex+3} (You
                  | found it on level 2 of the Depths)
 61019 | Depths:2 | Noticed a caustic shrike
 61032 | Depths:2 | Killed a caustic shrike
 61032 | Depths:2 | Reached skill level 25 in Armour
 61595 | Depths:3 | Noticed Margery
 61608 | Depths:3 | Killed Margery
 61608 | Depths:3 | Reached skill level 25 in Fighting
 61812 | Depths:3 | Found a shattered altar of Ashenzari.
 61956 | Depths:3 | Found a one-way gate leading to the halls of Pandemonium.
 62027 | Depths:3 | Identified the Handbook of the Evil Oath
 62041 | Depths:3 | Found a shimmering blue altar of Sif Muna.
 62169 | Depths:3 | Received a gift from Okawaru
 62204 | Depths:3 | Got a warped jade ring
 62205 | Depths:3 | Identified the ring of Zedoxaci {Ice Str+2} (You found it
                  | on level 3 of the Depths)
 62235 | Depths:3 | Noticed an ancient lich
 62255 | Depths:3 | Killed an ancient lich
 62261 | Depths:3 | Identified the Reference Book on Virous Flames
 62279 | Depths:3 | Identified the Tome of the Spatial Oath
 62281 | Depths:3 | Identified the Almanac of Stones
 62333 | Depths:3 | Identified Sif Muna's Disquisition on Lucky Transmutation
 62337 | Depths:3 | Learned a level 1 spell: Apportation
 62581 | Depths:4 | Noticed Xtahua
 62591 | Depths:4 | Killed Xtahua
 62591 | Depths:4 | Reached skill level 1 in Translocations
 62682 | Depths:4 | Found a one-way gate to the infinite horrors of the Abyss.
 62684 | Depths:4 | Noticed Louise
 62695 | Depths:4 | Killed Louise
 62695 | Depths:4 | Reached skill level 2 in Translocations
 62736 | Depths:4 | Found a gateway to a ziggurat.
 63061 | Depths:4 | Reached skill level 3 in Translocations
 63199 | Depths:4 | Found a blossoming altar of Fedhas.
 63291 | Depths:4 | Received a gift from Okawaru
 63383 | Depths:4 | Noticed a caustic shrike
 63383 | Depths:4 | Noticed a juggernaut
 63395 | Depths:4 | Identified the ring of Ximue {Fire Int+4}
 63398 | Depths:4 | Killed a juggernaut
 63407 | Depths:4 | Reached skill level 11 in Dodging
 63408 | Depths:4 | Reached XP level 26. HP: 163/237 MP: 18/30
 63409 | Depths:4 | Killed a caustic shrike
 63415 | Depths:4 | Identified the ring of Hedonism {rC+ MR+ EV+4}
 63431 | Depths:4 | Got an ancient tin ring
 63432 | Depths:4 | Identified the ring of Gitoumar {rF++ Stlth-} (You found it
                  | on level 4 of the Depths)
 63590 | Depths:4 | Identified the amulet "Vaosh" {Gourm *Drain Dex+5 Slay+3}
                  | (You found it on level 4 of the Depths)
 63942 | Depths:4 | Found Qoov's Serpentskin Sales.
 63944 | Depths:4 | Received a gift from Okawaru
 64090 | Depths:5 | Entered Level 5 of the Depths
 64106 | Depths:5 | Reached skill level 26 in Armour
 64152 | Depths:5 | Noticed a caustic shrike
 64152 | Depths:5 | Noticed a caustic shrike
 64153 | Depths:5 | Noticed a caustic shrike
 64166 | Depths:4 | Killed a caustic shrike
 64171 | Depths:4 | Killed a caustic shrike
 64192 | Depths:5 | Killed a caustic shrike
 64265 | Depths:5 | Reached skill level 26 in Fighting
 64266 | Depths:5 | Noticed a caustic shrike
 64278 | Depths:5 | Killed a caustic shrike
 64278 | Depths:5 | Reached skill level 12 in Dodging
 64481 | Depths:5 | Found a corrupted altar of Lugonu.
 64527 | Depths:5 | Noticed a caustic shrike
 64541 | Depths:5 | Killed a caustic shrike
 64705 | Depths:5 | Found a gate to the Realm of Zot.
 64939 | Depths:5 | Received a gift from Okawaru
 65286 | Depths:5 | Noticed Frederick
 65298 | Depths:5 | Killed Frederick
 65298 | Depths:5 | Received a gift from Okawaru
 65298 | Depths:5 | Reached skill level 4 in Translocations
 65918 | Vaults:4 | Identified the -3 hat of Wowuwk {Dex+5 Stlth-} (You
                  | acquired it on level 4 of the Vaults)
 65919 | Vaults:4 | Identified the +0 pair of boots of Liberty {Int+5} (You
                  | acquired it on level 4 of the Vaults)
 65919 | Vaults:4 | Identified the +2 war axe "Etutuz" {freeze, Int+6 Stlth+}
                  | (You acquired it on level 4 of the Vaults)
 65919 | Vaults:4 | Identified the ring "Lis Uzal" {Ice +Inv MR+} (You acquired
                  | it on level 4 of the Vaults)
 65952 | Vaults:5 | Entered Level 5 of the Vaults
 65952 | Vaults:5 | Found the +5 robe of Misfortune {*Contam Harm *Corrode
                  | *Drain *Slow EV+5}
 66023 | Vaults:5 | Reached skill level 13 in Dodging
 66080 | Vaults:5 | Identified the +5 dagger of Indomitability {flame, rPois
                  | Dex+4}
 66118 | Vaults:5 | Reached skill level 5 in Translocations
 66233 | Vaults:5 | Reached skill level 1 in Spellcasting
 66399 | Vaults:5 | Reached skill level 2 in Spellcasting
 66478 | Vaults:5 | Received a gift from Okawaru
 66493 | Vaults:5 | Reached XP level 27. HP: 189/247 MP: 30/30
 66528 | Vaults:5 | Reached skill level 3 in Spellcasting
 66809 | Vaults:5 | Identified the ring "Lieciojy" {rC++ Str+4 SInv}
 66896 | Vaults:5 | Received a gift from Okawaru
 66896 | Vaults:5 | Reached skill level 14 in Dodging
 67016 | Vaults:5 | Reached skill level 27 in Armour
 67110 | Vaults:5 | Reached skill level 27 in Fighting
 67135 | Vaults:5 | Got a heavily runed hat
 67148 | Vaults:5 | Identified the +0 hat of Eternal Vigilance {*Drain rPois
                  | Int+6 Slay+5} (You found it on level 5 of the Vaults)
 67196 | Vaults:5 | Reached skill level 15 in Dodging
 67433 | Vaults:5 | Received a gift from Okawaru
 67527 | Vaults:5 | Got a silver rune of Zot
 68462 | Slime:1  | Entered Level 1 of the Pits of Slime
 68483 | Slime:1  | Gained mutation: Armour fits poorly on your strangely
                  | shaped body. [a shining eye]
 68495 | Slime:1  | Gained mutation: You are clumsy. (Dex -2) [a shining eye]
 68605 | Slime:2  | Reached skill level 16 in Shields
 68609 | Slime:2  | Reached skill level 16 in Dodging
 68643 | Slime:3  | Found a viscous altar of Jiyva.
 68795 | Slime:3  | Gained mutation: You have sharp toenails. [a shining eye]
 69042 | Slime:5  | Entered Level 5 of the Pits of Slime
 69049 | Slime:5  | Reached skill level 11 in Evocations
 69176 | Slime:5  | Noticed the Royal Jelly
 69177 | Slime:5  | Found a viscous altar of Jiyva.
 69187 | Slime:5  | Killed the Royal Jelly
 69187 | Slime:5  | Received a gift from Okawaru
 69205 | Slime:5  | Gained mutation: Your magical capacity is low. (-10% MP) [a
                  | shining eye]
 69224 | Slime:5  | Identified the Papyrus of the Icy Voyage
 69227 | Slime:5  | Got a slimy rune of Zot
 69229 | Slime:5  | Identified the +5 war axe "Tinwom" {flame, rPois rF+ Str+3
                  | Dex+2} (You found it on level 5 of the Pits of Slime)
 69357 | Slime:5  | Found the +4 Cigotuvi's embrace {rRot *Drain rN+}
 69404 | Slime:5  | Identified the Tome of Dislocated Execration
 69486 | Slime:5  | Lost mutation: Your magical capacity is low. (-10% MP)
                  | [potion of mutation]
 69486 | Slime:5  | Lost mutation: Armour fits poorly on your strangely shaped
                  | body. [potion of mutation]
 69486 | Slime:5  | Lost mutation: You tend to lose your temper in combat.
                  | [potion of mutation]
 69486 | Slime:5  | Gained mutation: Your body sometimes deteriorates upon
                  | taking damage. [potion of mutation]
 69486 | Slime:5  | Gained mutation: You have a pair of small horns on your
                  | head. [potion of mutation]
 69486 | Slime:5  | Gained mutation: You are resistant to hostile enchantments.
                  | (MR+) [potion of mutation]
 69487 | Slime:5  | Lost mutation: You are clumsy. (Dex -2) [potion of
                  | mutation]
 69487 | Slime:5  | Lost mutation: You are resistant to hostile enchantments.
                  | (MR+) [potion of mutation]
 69487 | Slime:5  | Gained mutation: Your natural rate of healing is unusually
                  | fast. [potion of mutation]
 69487 | Slime:5  | Gained mutation: You have razor-sharp toenails. [potion of
                  | mutation]
 69487 | Slime:5  | Gained mutation: You possess an exceptional clarity of
                  | mind. [potion of mutation]
 69487 | Slime:5  | Gained mutation: You have claws for feet. [potion of
                  | mutation]
 69912 | Depths:4 | Voluntarily entered the Abyss.
 69939 | Abyss:2  | Identified the +7 war axe "Enwop" {pain, rC++ MP+9 Int+7}
                  | (You found it on level 2 of the Abyss)
 69992 | Abyss:2  | Paralysed by accursed screaming for 1 turns
 70066 | Abyss:2  | Reached skill level 12 in Evocations
 70221 | Abyss:3  | Reached skill level 17 in Shields
 70238 | Abyss:3  | Reached skill level 17 in Dodging
 70270 | Abyss:3  | Paralysed by you for 3 turns
 70358 | Depths:4 | You pass through the gate.
 70358 | Depths:4 | Escaped the Abyss
 70526 | Depths:4 | Voluntarily entered the Abyss.
 70858 | Abyss:2  | Received a gift from Okawaru
 70963 | Abyss:2  | Reached skill level 6 in Translocations
 71190 | Abyss:2  | Reached skill level 13 in Evocations
 71464 | Abyss:3  | Found an ornate altar of the Wu Jian Council.
 71597 | Abyss:3  | Got an abyssal rune of Zot
 71642 | Abyss:3  | Gained mutation: You have an increased reservoir of magic.
                  | (+10% MP) [a neqoxec]
 71645 | Abyss:3  | Gained mutation: You are clumsy. (Dex -2) [a neqoxec]
 71647 | Abyss:3  | Gained mutation: Armour fits poorly on your strangely
                  | shaped body. [a neqoxec]
 71710 | Abyss:3  | Reached skill level 18 in Shields
 71731 | Abyss:3  | Reached skill level 18 in Dodging
 72039 | Abyss:3  | Received a gift from Okawaru
 72060 | Abyss:3  | Reached skill level 14 in Evocations
 72094 | Abyss:3  | Found a hazy altar of Hepliaklqana.
 72113 | Depths:4 | You pass through the gate.
 72113 | Depths:4 | Escaped the Abyss
 72431 | D:14     | You paid a toll of +3 shadow dragon scales to enter a
                  | treasure trove
 72432 | Trove    | Entered a treasure trove
 72437 | Trove    | Identified the +4 kite shield of Death Resistance {+Fly
                  | rN++} (You found it in a treasure trove)
 72439 | Trove    | Identified the +5 tower shield of Wasted Space {Regen+
                  | rCorr Int+5 Stlth+} (You found it in a treasure trove)
 72453 | Trove    | Got an ichor-stained hat
 72466 | Trove    | Identified the +1 hat of the Orcish Mines {rPois rC+ Dex+2}
                  | (You found it in a treasure trove)
 72524 | Trove    | Learned a level 2 spell: Song of Slaying
 72783 | Depths:4 | Voluntarily entered the Abyss.
 72786 | Abyss:1  | Found a hazy altar of Hepliaklqana.
 72801 | Abyss:1  | Reached skill level 1 in Charms
 72945 | Abyss:1  | Reached skill level 2 in Charms
 73100 | Abyss:1  | Lost mutation: You have an increased reservoir of magic.
                  | (+10% MP) [a neqoxec]
 73103 | Abyss:1  | Gained mutation: Your spells are a little easier to cast,
                  | but a little less powerful. [a neqoxec]
 73118 | Abyss:1  | Reached skill level 3 in Charms
 73172 | Abyss:1  | Lost mutation: Your body sometimes deteriorates upon taking
                  | damage. [potion of mutation]
 73172 | Abyss:1  | Gained mutation: You have a pair of horns on your head.
                  | [potion of mutation]
 73172 | Abyss:1  | Lost mutation: You are clumsy. (Dex -2) [potion of
                  | mutation]
 73571 | Abyss:1  | Reached skill level 4 in Charms
 73599 | Abyss:1  | Reached skill level 19 in Shields
 73720 | Abyss:1  | Identified the +2 leather armour of the Blue Moon {rN++}
 74071 | Abyss:2  | Found a corrupted altar of Lugonu.
 74101 | Depths:4 | You pass through the gate.
 74101 | Depths:4 | Escaped the Abyss
 74103 | Depths:4 | Voluntarily entered the Abyss.
 74174 | Abyss:1  | Reached skill level 5 in Charms
 74573 | Abyss:1  | Paralysed by accursed screaming for 1 turns
 74580 | Abyss:1  | Reached skill level 15 in Evocations
 74604 | Depths:4 | You pass through the gate.
 74604 | Depths:4 | Escaped the Abyss
 74994 | Temple   | Entered the Ecumenical Temple
 75041 | Temple   | Fell from the grace of Okawaru
 75041 | Temple   | Became a worshipper of the Shining One
 75328 | Crypt:1  | Entered Level 1 of the Crypt
 75377 | Crypt:1  | Reached skill level 6 in Charms
 75389 | Crypt:1  | Reached * piety under the Shining One
 75531 | Crypt:1  | Reached ** piety under the Shining One
 76487 | Crypt:1  | Found a runed translucent gate.
 76487 | Crypt:1  | Found a runed translucent gate.
 76487 | Crypt:1  | Found a runed translucent gate.
 76489 | Crypt:1  | Noticed Zoalos's ghost (veteran GrEE)
 76717 | Crypt:1  | Killed Zoalos's ghost
 76721 | Crypt:1  | Got a bound steel amulet
 76722 | Crypt:1  | Identified the amulet "Idumugav" {Spirit +Blink rF+ rN+
                  | Stlth+} (You found it on level 1 of the Crypt)
 76828 | Crypt:2  | Reached *** piety under the Shining One
 76841 | Crypt:2  | Reached skill level 20 in Shields
 77015 | Crypt:2  | Reached **** piety under the Shining One
 77127 | Crypt:2  | Reached ***** piety under the Shining One
 77137 | Crypt:2  | Reached skill level 9 in Invocations
 77335 | Crypt:2  | Reached ****** piety under the Shining One
 77381 | Crypt:2  | Found an ancient bone altar of Kikubaaqudgha.
 77470 | Crypt:2  | Identified the ring "Gelak" {rElec rF+ MR+}
 77470 | Crypt:2  | Noticed Jory
 77481 | Crypt:2  | Killed Jory
 77493 | Crypt:2  | Found an ancient bone altar of Kikubaaqudgha.
 77494 | Crypt:2  | Identified the cursed +1 dagger of Courage {vamp, Fragile
                  | Str+4 SInv}
 77522 | Crypt:2  | Upgraded the game from 0.25-a0-869-g05d4e06 to
                  | 0.25-a0-886-gd7461d2
 77728 | Crypt:3  | Entered Level 3 of the Crypt
 77750 | Crypt:3  | Reached skill level 10 in Invocations
 77844 | Crypt:3  | Reached skill level 21 in Shields
 77873 | Crypt:3  | Reached skill level 11 in Invocations
 77911 | Crypt:3  | Noticed a curse toe
 77925 | Crypt:3  | Killed a curse toe
 77986 | Crypt:3  | Found a basalt altar of Yredelemnul.
 77988 | Crypt:3  | Found an ancient bone altar of Kikubaaqudgha.
 78261 | Crypt:3  | Reached skill level 12 in Invocations
 78507 | Crypt:3  | Learned a level 3 spell: Spectral Weapon
 78514 | Crypt:3  | Learned a level 6 spell: Statue Form
 78517 | Crypt:3  | Found a staircase to the Tomb.
 78699 | Crypt:3  | Found the +4 dagger "Morg" {pain, MR+ Int+5}
 79286 | Depths:4 | Identified a +7 broad axe of holy wrath (a +5 vorpal broad
                  | axe blessed by the Shining One)
 79286 | Depths:4 | Received a gift from the Shining One
 80197 | Hell     | Entered the Vestibule of Hell
 80197 | Hell     | Noticed Geryon
 80219 | Hell     | Noticed Murray
 80239 | Hell     | Killed Murray
 80315 | Hell     | Killed Geryon
 80369 | Hell     | Reached skill level 22 in Shields
 80432 | Hell     | Found a gateway to the Iron City of Dis.
 80488 | Hell     | Found a gateway to the freezing wastes of Cocytus.
 80539 | Hell     | Found a gateway to the decaying netherworld of Tartarus.
 80618 | Hell     | Found a gateway to the ashen valley of Gehenna.
 80884 | Pan      | Entered Pandemonium
 80966 | Pan      | Reached skill level 13 in Invocations
 81002 | Pan      | Noticed Gloorx Vloq
 81014 | Pan      | Killed Gloorx Vloq
 81023 | Pan      | Noticed a curse skull
 81030 | Pan      | Killed a curse skull
 81031 | Pan      | Noticed a curse skull
 81034 | Pan      | Killed a curse skull
 81445 | Pan      | Reached skill level 14 in Invocations
 81452 | Pan      | Reached skill level 23 in Shields
 81713 | Pan      | Was forgiven by Okawaru
 81743 | Pan      | Got a dark rune of Zot
 81852 | Pan      | Gained mutation: Your magical capacity is low. (-10% MP) [a
                  | neqoxec]
 81853 | Pan      | Identified a +1 robe of resistance
 82037 | Pan      | Noticed Zaefoch the pandemonium lord
 82054 | Pan      | Killed Zaefoch the pandemonium lord
 82093 | Pan      | Identified the +1 crystal plate armour "Ximot" {rF++ MR-}
                  | (You acquired it in Pandemonium)
 82460 | Pan      | Found an exit through the horrors of the Abyss.
 82688 | Pan      | Noticed Exaclour the pandemonium lord
 82695 | Pan      | Killed Exaclour the pandemonium lord
 82704 | Pan      | Reached skill level 15 in Invocations
 82767 | Pan      | Reached skill level 1 in Transmutations
 82771 | Pan      | Reached skill level 1 in Earth Magic
 82873 | Pan      | Reached skill level 2 in Transmutations
 82878 | Pan      | Reached skill level 2 in Earth Magic
 82885 | Pan      | Gained mutation: Your magical capacity is very low. (-20%
                  | MP) [a cacodemon]
 82911 | Pan      | Reached skill level 3 in Transmutations
 82985 | Pan      | Identified the +8 scale mail of Lies {+Blink rElec} (You
                  | found it in Pandemonium)
 83154 | Pan      | Found an exit through the horrors of the Abyss.
 83392 | Pan      | Reached skill level 3 in Earth Magic
 83430 | Pan      | Found an exit through the horrors of the Abyss.
 83503 | Pan      | Noticed Pinugguw the pandemonium lord
 83511 | Pan      | Reached skill level 4 in Transmutations
 83521 | Pan      | Killed Pinugguw the pandemonium lord
 83521 | Pan      | Reached skill level 4 in Earth Magic
 83574 | Pan      | Reached skill level 24 in Shields
 83595 | Pan      | Reached skill level 5 in Transmutations
 83620 | Pan      | Reached skill level 5 in Earth Magic
 84157 | Pan      | Entered the realm of Lom Lobon.
 84305 | Pan      | Reached skill level 6 in Transmutations
 84639 | Pan      | Identified a +2 robe of the Archmagi
 84753 | Pan      | Reached skill level 6 in Earth Magic
 84956 | Pan      | Reached skill level 7 in Transmutations
 85118 | Pan      | Reached skill level 16 in Invocations
 85259 | Pan      | Noticed Lom Lobon
 85277 | Pan      | Killed Lom Lobon
 85277 | Pan      | Reached skill level 1 in Hexes
 85277 | Pan      | Reached skill level 7 in Earth Magic
 85289 | Pan      | Got a magical rune of Zot
 85543 | Pan      | Noticed Tunur the pandemonium lord
 85557 | Pan      | Reached skill level 2 in Hexes
 85557 | Pan      | Reached skill level 8 in Transmutations
 85569 | Pan      | Killed Tunur the pandemonium lord
 85603 | Pan      | Reached skill level 3 in Hexes
 86412 | Pan      | Lost mutation: Your spells are a little easier to cast, but
                  | a little less powerful. [a cacodemon]
 86422 | Pan      | Reached skill level 8 in Earth Magic
 86425 | Pan      | Reached skill level 4 in Hexes
 86448 | Pan      | Noticed Laofol the pandemonium lord
 86455 | Pan      | Reached skill level 9 in Transmutations
 86469 | Pan      | Killed Laofol the pandemonium lord
 86483 | Pan      | Reached skill level 5 in Hexes
 86594 | Pan      | Found an exit through the horrors of the Abyss.
 87094 | Pan      | Gained mutation: Your body sometimes deteriorates upon
                  | taking damage. [a neqoxec]
 87096 | Pan      | Gained mutation: You are dopey. (Int -2) [a neqoxec]
 87137 | Pan      | Lost mutation: Your natural rate of healing is unusually
                  | fast. [potion of mutation]
 87137 | Pan      | Lost mutation: Your body sometimes deteriorates upon taking
                  | damage. [potion of mutation]
 87137 | Pan      | Lost mutation: Armour fits poorly on your strangely shaped
                  | body. [potion of mutation]
 87137 | Pan      | Gained mutation: Your body sometimes deteriorates upon
                  | taking damage. [potion of mutation]
 87137 | Pan      | Gained mutation: You are partially covered in yellow
                  | scales. (AC +2) [potion of mutation]
 87183 | Pan      | Took an exit into the Abyss.
 87183 | Abyss:1  | You pass through the gate.
 87183 | Abyss:1  | Escaped into the Abyss
 87205 | Depths:3 | You pass through the gate.
 87205 | Depths:3 | Escaped the Abyss
 87220 | Pan      | Entered the realm of Cerebov.
 87220 | Pan      | Entered Pandemonium
 87344 | Pan      | Reached skill level 9 in Earth Magic
 87532 | Pan      | Reached skill level 10 in Transmutations
 87829 | Pan      | Identified the Almanac of Earthen Boosts
 87896 | Pan      | Identified the ring of Jiateoga {*Drain rN+ EV+2 Dex+4}
                  | (You found it in Pandemonium)
 87898 | Pan      | Identified the Volume of Transformation and Boosts
 87900 | Pan      | Identified Sif Muna's Disquisition on the Flamy Glacier
 87918 | Pan      | Identified the ring "Emigedgh" {*Slow rPois Str+5 Int+4}
                  | (You acquired it in Pandemonium)
 88000 | Pan      | Reached skill level 25 in Shields
 88005 | Pan      | Identified the +6 sword of Cerebov {flame}
 88005 | Pan      | Noticed Cerebov
 88031 | Pan      | Killed Cerebov
 88031 | Pan      | Reached skill level 10 in Earth Magic
 88031 | Pan      | Reached skill level 17 in Invocations
 88053 | Pan      | Got a fiery rune of Zot
 88156 | Depths:3 | You pass through the gate.
 88156 | Depths:3 | Escaped Pandemonium
 88181 | Pan      | Entered Pandemonium
 88262 | Pan      | Noticed Ymuip the pandemonium lord
 88282 | Pan      | Killed Ymuip the pandemonium lord
 88282 | Pan      | Reached skill level 11 in Transmutations
 88555 | Pan      | Found an exit through the horrors of the Abyss.
 88651 | Pan      | Reached skill level 11 in Earth Magic
 89100 | Pan      | Reached skill level 12 in Transmutations
 89102 | Pan      | Identified Vudumu Hohui's Catalogue of Toxins
 89137 | Pan      | Noticed Rezxyin the pandemonium lord
 89150 | Pan      | Killed Rezxyin the pandemonium lord
 89314 | Pan      | Found an exit through the horrors of the Abyss.
 89416 | Pan      | Reached skill level 12 in Earth Magic
 89545 | Pan      | Entered the realm of Mnoleg.
 89593 | Pan      | Gained mutation: Armour fits poorly on your strangely
                  | shaped body. [a neqoxec]
 89638 | Pan      | Noticed Mnoleg
 89638 | Pan      | Gained mutation: You are weak. (Str -2) [a neqoxec]
 89657 | Pan      | Killed Mnoleg
 89657 | Pan      | Reached skill level 18 in Invocations
 89666 | Pan      | Reached skill level 13 in Transmutations
 89679 | Pan      | Got a glowing rune of Zot
 89705 | Pan      | Noticed Ignacio
 89714 | Pan      | Killed Ignacio
 89794 | Pan      | Found an exit through the horrors of the Abyss.
 90666 | Pan      | Noticed Kezuo the pandemonium lord
 90679 | Pan      | Reached skill level 13 in Earth Magic
 90700 | Pan      | Killed Kezuo the pandemonium lord
 90911 | Pan      | Found an exit through the horrors of the Abyss.
 91247 | Pan      | Reached skill level 14 in Transmutations
 91255 | Pan      | Found an exit through the horrors of the Abyss.
 91444 | Pan      | Noticed Vidghittat the pandemonium lord
 91476 | Pan      | Killed Vidghittat the pandemonium lord
 91518 | Pan      | Got a demonic rune of Zot
 91736 | Pan      | Took an exit into the Abyss.
 91736 | Abyss:1  | You pass through the gate.
 91736 | Abyss:1  | Escaped into the Abyss
 91788 | Depths:3 | You pass through the gate.
 91788 | Depths:3 | Escaped the Abyss
 91893 | Dis:1    | Entered Level 1 of the Iron City of Dis
 92078 | Dis:2    | Reached skill level 14 in Earth Magic
 92118 | Dis:3    | Reached skill level 19 in Dodging
 92295 | Dis:5    | Reached skill level 19 in Invocations
 92354 | Dis:7    | Entered Level 7 of the Iron City of Dis
 92366 | Dis:7    | Reached skill level 15 in Transmutations
 92660 | Dis:7    | Gained mutation: You are clumsy. (Dex -2) [a cacodemon]
 92680 | Dis:7    | Reached skill level 15 in Earth Magic
 92792 | Dis:7    | Reached skill level 20 in Dodging
 92794 | Dis:7    | Identified the +4 staff of Dispater
 92794 | Dis:7    | Noticed Dispater
 92824 | Dis:7    | Killed Dispater
 92837 | Dis:7    | Identified the +1 pair of boots of Calculation {rC- rN+++
                  | Dex+6} (You found it on level 7 of the Iron City of Dis)
 92842 | Dis:7    | Got an iron rune of Zot
 93129 | Tar:1    | Entered Level 1 of Tartarus
 93152 | Tar:1    | Reached skill level 20 in Invocations
 93298 | Tar:1    | Reached skill level 21 in Dodging
 93810 | Tar:3    | Reached skill level 21 in Invocations
 93932 | Tar:5    | Reached skill level 22 in Dodging
 94611 | Tar:7    | Entered Level 7 of Tartarus
 94638 | Tar:7    | Reached skill level 23 in Dodging
 94693 | Tar:7    | Reached skill level 22 in Invocations
 94862 | Tar:7    | Noticed an ancient lich
 94869 | Tar:7    | Noticed an ancient lich
 94872 | Tar:7    | Killed an ancient lich
 94879 | Tar:7    | Killed an ancient lich
 94972 | Tar:7    | Noticed Ereshkigal
 95410 | Tar:7    | Reached skill level 24 in Dodging
 95477 | Tar:7    | Killed Ereshkigal
 95502 | Tar:7    | Got a bone rune of Zot
 95754 | Coc:1    | Entered Level 1 of Cocytus
 95840 | Coc:2    | Reached skill level 23 in Invocations
 96462 | Coc:6    | Reached skill level 16 in Earth Magic
 96538 | Coc:7    | Entered Level 7 of Cocytus
 96551 | Coc:7    | Reached skill level 25 in Dodging
 96752 | Coc:7    | Reached skill level 17 in Earth Magic
 97050 | Coc:7    | Reached skill level 24 in Invocations
 97092 | Coc:7    | Got a vibrating silver amulet
 97093 | Coc:7    | Identified the amulet of Fedhas's Hope {Harm *Drain +Inv
                  | rElec rF+ Dex+3} (You found it on level 7 of Cocytus)
 97310 | Coc:7    | Reached skill level 26 in Dodging
 97393 | Coc:7    | Noticed Antaeus
 97398 | Coc:7    | Identified the cursed +0 long sword "Potz" {freeze, rF+ rN+
                  | Str+4}
 97403 | Coc:7    | Killed Antaeus
 97403 | Coc:7    | Reached skill level 18 in Earth Magic
 97458 | Coc:7    | Got an icy rune of Zot
 97610 | Geh:1    | Entered Level 1 of Gehenna
 98172 | Geh:7    | Entered Level 7 of Gehenna
 98283 | Geh:7    | Identified the +7 broad axe of Zeenoq {elec, Str+3}
 98341 | Geh:7    | Identified the Reference Book on the Glacier and
                  | Conjuration
 98419 | Geh:7    | Identified the amulet of Pride {RegenMP Dex+3 Slay+2}
 98462 | Geh:7    | Reached skill level 19 in Earth Magic
 98549 | Geh:7    | Identified the +7 sceptre of Asmodeus
 98549 | Geh:7    | Noticed Asmodeus
 98570 | Geh:7    | Killed Asmodeus
 98585 | Geh:7    | Got an obsidian rune of Zot
 98737 | Geh:7    | Reached skill level 4 in Spellcasting
 98756 | Hell     | Learned a level 9 spell: Shatter
 99166 | Tomb:1   | Entered Level 1 of the Tomb of the Ancients
 99371 | Tomb:1   | Paralysed by a sphinx for 4 turns
 99388 | Tomb:1   | Reached skill level 5 in Spellcasting
 99771 | Tomb:1   | Noticed a greater mummy
 99795 | Tomb:1   | Killed a greater mummy
 99795 | Tomb:1   | Reached skill level 25 in Invocations
 99799 | Tomb:1   | Noticed a greater mummy
 99820 | Tomb:1   | Reached skill level 27 in Dodging
 99828 | Tomb:1   | Killed a greater mummy
 99828 | Tomb:1   | Reached skill level 6 in Spellcasting
100225 | Tomb:1   | Learned a level 2 spell: Blink
100912 | Tomb:1   | Noticed a greater mummy
100926 | Tomb:1   | Killed a greater mummy
100974 | Tomb:1   | Noticed a greater mummy
100991 | Tomb:1   | Killed a greater mummy
100991 | Tomb:1   | Reached skill level 7 in Spellcasting
100993 | Tomb:1   | Noticed a greater mummy
100998 | Tomb:1   | Killed a greater mummy
101017 | Tomb:1   | Noticed a greater mummy
101032 | Tomb:1   | Killed a greater mummy
101094 | Tomb:1   | Noticed a greater mummy
101122 | Tomb:1   | Killed a greater mummy
101123 | Tomb:1   | Noticed a greater mummy
101127 | Tomb:1   | Killed a greater mummy
101205 | Tomb:1   | Noticed a greater mummy
101240 | Tomb:1   | Killed a greater mummy
101331 | Tomb:1   | Noticed a greater mummy
101340 | Tomb:1   | Killed a greater mummy
101340 | Tomb:1   | Reached skill level 8 in Spellcasting
101341 | Tomb:1   | Noticed a greater mummy
101343 | Tomb:1   | Killed a greater mummy
101346 | Tomb:1   | Noticed a greater mummy
101354 | Tomb:1   | Killed a greater mummy
101354 | Tomb:1   | Reached skill level 20 in Earth Magic
101488 | Tomb:1   | Noticed a greater mummy
101517 | Tomb:1   | Killed a greater mummy
101739 | Tomb:2   | Noticed a greater mummy
101739 | Tomb:2   | Noticed a greater mummy
101739 | Tomb:2   | Noticed a greater mummy
101739 | Tomb:2   | Noticed a greater mummy
102022 | Tomb:2   | Noticed Mennas
102043 | Tomb:2   | Reached skill level 9 in Spellcasting
102058 | Tomb:2   | Killed a greater mummy
102214 | Tomb:2   | Killed a greater mummy
102319 | Tomb:2   | Killed Mennas
102346 | Tomb:2   | Killed a greater mummy
102580 | Tomb:2   | Gained mutation: You are frail. (-10% HP) [mutagenic glow]
102811 | Tomb:2   | Killed a greater mummy
102811 | Tomb:2   | Reached skill level 10 in Spellcasting
102889 | Tomb:2   | Lost mutation: You are weak. (Str -2) [potion of mutation]
102889 | Tomb:2   | Lost mutation: Your magical capacity is very low. (-20% MP)
                  | [potion of mutation]
102889 | Tomb:2   | Gained mutation: You are partially covered in iridescent
                  | scales. (AC +2) [potion of mutation]
102889 | Tomb:2   | Gained mutation: You are covered in fur. (AC +1) [potion of
                  | mutation]
103270 | Tomb:3   | Entered Level 3 of the Tomb of the Ancients
103282 | Tomb:3   | Noticed a greater mummy
103286 | Tomb:3   | Noticed a greater mummy
103287 | Tomb:3   | Noticed a greater mummy
103287 | Tomb:3   | Noticed a greater mummy
103287 | Tomb:3   | Noticed a greater mummy
103290 | Tomb:3   | Got a golden rune of Zot
103293 | Tomb:3   | Noticed a greater mummy
103293 | Tomb:3   | Noticed a greater mummy
103294 | Tomb:3   | Gained mutation: You are weak. (Str -2) [mutagenic glow]
103300 | Tomb:3   | Noticed a greater mummy
103321 | Tomb:3   | Killed a greater mummy
103321 | Tomb:3   | Reached skill level 11 in Spellcasting
103330 | Tomb:3   | Got a flickering ivory ring
103342 | Tomb:2   | Gained mutation: You are very frail. (-20% HP) [mutagenic
                  | glow]
103391 | Tomb:1   | Lost mutation: You possess an exceptional clarity of mind.
                  | [mutagenic glow]
103587 | D:14     | Identified the ring "Ublix" {rF+ rN+ MP+9 Dex+2 Stlth+}
                  | (You found it on level 3 of the Tomb of the Ancients)
103821 | Zot:1    | Entered Level 1 of the Realm of Zot
103998 | Zot:1    | Reached skill level 21 in Earth Magic
104042 | Zot:1    | Reached skill level 26 in Invocations
104294 | Zot:1    | Reached skill level 12 in Spellcasting
104667 | Zot:1    | You fall into a shaft and drop 1 floor!
105701 | Zot:2    | Lost mutation: You are dopey. (Int -2) [potion of mutation]
105701 | Zot:2    | Lost mutation: You have a pair of horns on your head.
                  | [potion of mutation]
105701 | Zot:2    | Lost mutation: Your magical capacity is low. (-10% MP)
                  | [potion of mutation]
105701 | Zot:2    | Lost mutation: Your body sometimes deteriorates upon taking
                  | damage. [potion of mutation]
105701 | Zot:2    | Gained mutation: You are partially covered in icy blue
                  | scales. (AC +2) [potion of mutation]
105702 | Zot:2    | Lost mutation: You are clumsy. (Dex -2) [potion of
                  | mutation]
105702 | Zot:2    | Lost mutation: You are weak. (Str -2) [potion of mutation]
105702 | Zot:2    | Lost mutation: You have a pair of small horns on your head.
                  | [potion of mutation]
105702 | Zot:2    | Lost mutation: You have claws for feet. [potion of
                  | mutation]
105702 | Zot:2    | Lost mutation: You are very frail. (-20% HP) [potion of
                  | mutation]
106229 | Zot:3    | Reached skill level 13 in Spellcasting
106842 | Zot:3    | Noticed a curse toe
106852 | Zot:3    | Killed a curse toe
107017 | Zot:4    | Reached skill level 22 in Earth Magic
107699 | Zot:5    | Entered Level 5 of the Realm of Zot
107712 | Zot:5    | Reached skill level 14 in Spellcasting
108000 | Zot:5    | Noticed an ancient lich
108009 | Zot:5    | Killed an ancient lich
108009 | Zot:5    | Reached skill level 27 in Invocations
108076 | Zot:5    | Noticed an ancient lich
108090 | Zot:5    | Noticed an electric golem
108097 | Zot:5    | Noticed an ancient lich
108102 | Zot:5    | Killed an ancient lich
108102 | Zot:5    | Reached skill level 15 in Spellcasting
108112 | Zot:5    | Killed an ancient lich
108142 | Zot:5    | Noticed an ancient lich
108153 | Zot:5    | Killed an ancient lich
108161 | Zot:5    | Noticed an orb of fire
108172 | Zot:5    | Gained mutation: You are clumsy. (Dex -2) [an orb of fire]
108183 | Zot:5    | Killed an orb of fire
108183 | Zot:5    | Reached skill level 16 in Spellcasting
108265 | Zot:5    | Reached skill level 17 in Spellcasting
108337 | Zot:5    | Noticed an electric golem
108351 | Zot:5    | Killed an electric golem
108353 | Zot:5    | Noticed an orb of fire
108353 | Zot:5    | Gained mutation: You tend to lose your temper in combat.
                  | [an orb of fire]
108353 | Zot:5    | Gained mutation: Scrolls take you a little longer to read.
                  | [an orb of fire]
108376 | Zot:5    | Killed an orb of fire
108380 | Zot:5    | Noticed an ancient lich
108387 | Zot:5    | Noticed a curse toe
108391 | Zot:5    | Killed an ancient lich
108411 | Zot:5    | Reached skill level 18 in Spellcasting
108418 | Zot:5    | Noticed an ancient lich
108420 | Zot:5    | Killed a curse toe
108420 | Zot:5    | Killed an ancient lich
108516 | Zot:5    | Killed an electric golem
108817 | Zot:5    | Got the Orb of Zot
109104 | Depths:2 | Noticed Qaoprikk the pandemonium lord
109129 | Depths:1 | Reached skill level 19 in Spellcasting
109166 | D:15     | Noticed Podaat the pandemonium lord
109171 | D:15     | Killed Podaat the pandemonium lord
109248 | D:10     | Noticed Aheogulu the pandemonium lord
109255 | D:10     | Noticed an ancient lich
109269 | D:10     | You are cast into the Abyss!
109269 | D:10     | Cast into level 5 of the Abyss (an ancient lich)
109269 | Abyss:5  | Entered Level 5 of the Abyss
109278 | D:10     | You pass through the gate.
109278 | D:10     | Escaped the Abyss
109291 | D:9      | Killed Aheogulu the pandemonium lord
109467 | D:6      | Noticed Sipnui the pandemonium lord
109480 | D:6      | Killed Sipnui the pandemonium lord
109612 | D:1      | Reached skill level 20 in Spellcasting
109640 | D:$      | Escaped with the Orb!

Vanquished Creatures
  Cerebov (Pan)
  Asmodeus (Geh:7)
  Ignacio (Pan)
  Gloorx Vloq (Pan)
  Ereshkigal (Tar:7)
  Lom Lobon (Pan)
  Dispater (Dis:7)
  2 orbs of fire (Zot:5)
  9 ancient liches
  Mennas (Tomb:2)
  A juggernaut (Depths:4)
  18 greater mummies
  6 Killer Klowns (Zot:5)
  7 caustic shrikes
  22 shard shrikes
  Margery (Depths:3)
  Frederick (Depths:5)
  Geryon (Hell)
  3 curse toes
  Xtahua (Depths:4)
  Jory (Crypt:2)
  12 golden dragons
  The ghost of Zoalos the Devastator, a veteran GrEE of Lugonu (Crypt:1)
  2 profane servitors
  Nikola (Vaults:1)
  12 bone dragons
  28 Tzitzimimeh
  7 doom hounds
  11 Brimstone Fiends
  12 pandemonium lords
  2 electric golems (Zot:5)
  4 iron giants
  11 tentacled monstrosities
  19 Ice Fiends
  15 liches
  10 Hell Sentinels
  Rupert (Lair:3)
  29 Orb Guardians
  21 titans
  9 quicksilver dragons
  7 deep elf blademasters
  An eldritch tentacle (Pan)
  Asterion (Vaults:2)
  20 acid blobs
  Murray (Hell)
  14 sphinxes
  9 deep elf master archers
  4 death cobs
  Polyphemus (Shoals:2)
  Agnes (Snake:2)
  30 Executioners
  19 ancient champions
  17 tentacled starspawn
  12 storm dragons
  Kirke (Snake:4)
  13 nagarajas
  2 draconian monks
  2 tengu reavers (Vaults:5)
  6 draconian knights
  3 daevas
  4 azure jellies
  7 revenants
  27 frost giants
  15 shadow dragons
  21 fire giants
  7 deep elf sorcerers
  6 draconian scorchers
  An orc warlord (Vaults:5)
  10 vault wardens
  25 balrugs
  4 iron dragons
  An angel (Abyss:2)
  14 warmongers (Pan)
  18 cacodemons
  Louise (Depths:4)
  3 curse skulls
  13 ghouls
  5 deep elf elementalists
  Aizul (Snake:1)
  6 draconian annihilators
  2 draconian stormcallers (Zot:1)
  19 ironheart preservers
  29 stone giants
  6 draconian shifters
  61 reapers
  7 blood saints (Pan)
  3 elemental wellsprings
  14 war gargoyles
  11 vampire knights
  An ophan (Abyss:2)
  22 very ugly things
  17 green draconians
  9 corrupters (Pan)
  5 black suns (Pan)
  3 bennus (Tomb:3)
  15 black draconians
  13 red draconians
  Azrael (D:12)
  10 deep elf demonologists
  12 white draconians
  7 purple draconians
  2 dire elephants (Depths:2)
  11 deep elf annihilators
  7 yellow draconians
  An orange crystal statue (WizLab)
  8 lorocyprocas
  4 spark wasps (Depths:4)
  4 merfolk javelineers
  14 deep elf death magi
  21 green deaths
  6 ettins
  25 mummy priests
  2 eidola
  2 death oozes (Slime:5)
  Snorg (D:13)
  22 jiangshi
  35 blizzard demons
  5 merfolk impalers
  14 fire dragons
  5 deep elf high priests
  21 ice dragons
  3 kraken zombies
  6 quicksilver dragon zombies
  12 yaktaur captains
  14 rakshasas
  16 great orbs of eyes
  The ghost of Onakli the Cleaver, a journeyman DsFi of Wu Jian (D:11)
  11 naga warriors
  12 monstrous demonspawn (Pan)
  Harold (D:9)
  5 hell beasts
  2 ghost crabs
  4 quicksilver dragon skeletons
  2 spriggan air magi
  14 hydras
  2 juggernaut simulacra (Pan)
  7 merfolk avatars
  15 anacondas
  2 alligator snapping turtles (Shoals:3)
  5 centaur warriors
  30 vault guards
  24 ogre magi
  56 two-headed ogres
  8 tengu warriors
  Erica (Orc:1)
  3 satyrs (Shoals:4)
  28 dancing weapons
  2 death knights
  2 merfolk aquamancers
  2 catoblepae
  9 deep troll earth magi
  4 death yaks (Shoals:2)
  6 holy swine (Pan)
  10 titan zombies
  15 hell hogs
  15 thrashing horrors
  An alligator (Snake:3)
  19 vampire magi
  6 shock serpents
  Urug (D:13)
  43 death scarabs
  9 naga sharpshooters
  4 deep troll shamans
  4 orc high priests (Orc:2)
  3 spriggan berserkers
  63 soul eaters
  2 iron golems
  3 storm dragon zombies
  33 hell knights
  19 deep elf knights
  63 sun demons
  11 wretched stars
  A salamander mystic (Snake:4)
  10 shadow wraiths
  7 storm dragon skeletons
  2 fire crabs (Shoals:1)
  2 cherubim (Pan)
  29 sixfirhies
  A death drake (shapeshifter) (Depths:5)
  7 titan skeletons
  A death drake (Tar:7)
  8 anaconda zombies
  An iron troll (Depths:4)
  159 skeletal warriors
  14 flayed ghosts
  A quicksilver dragon simulacrum (Tar:5)
  4 glowing orange brains
  3 spatial maelstroms
  21 shadow demons
  7 torturous demonspawn (Pan)
  8 unseen horrors
  2 spriggan druids (Depths:2)
  A kraken simulacrum (Shoals:4)
  28 deep trolls
  8 infernal demonspawn (Pan)
  4 ghost moth zombies
  14 gelid demonspawn
  26 sea snakes
  61 starcursed masses
  10 golden dragon zombies
  9 anaconda skeletons
  6 harpies
  18 wizards
  2 swamp dragons (Snake:3)
  18 deep elf archers
  7 mana vipers
  A swamp dragon (shapeshifter) (Vaults:5)
  6 shadow dragon zombies
  6 naga ritualists
  27 phantasmal warriors
  7 golden dragon skeletons
  12 necromancers
  5 wolf spiders
  13 ironbrand convokers
  A shining eye (shapeshifter) (Vaults:2)
  58 deep elf magi
  25 orc knights
  6 stone giant zombies
  3 wolf spider zombies
  A mana viper (shapeshifter) (Vaults:3)
  7 cyclopes
  17 fauns
  6 shining eyes
  5 shadow dragon skeletons
  8 fire giant zombies
  11 orc sorcerers
  16 ugly things
  2 iron dragon zombies
  Maurice (D:9)
  23 manticores
  8 worldbinders
  8 frost giant zombies
  14 merfolk sirens
  10 salamanders
  A manticore (shapeshifter) (D:15)
  21 moths of wrath
  9 dire elephant zombies
  6 apocalypse crabs
  3 centaur zombies
  A guardian serpent (shapeshifter) (Vaults:5)
  26 rust devils
  3 stone giant skeletons
  4 fire giant skeletons
  6 iron dragon skeletons
  35 black mambas
  A water nymph (shapeshifter) (Vaults:5)
  An eye of devastation (Slime:5)
  7 frost giant skeletons
  12 naga magi
  9 ice statues
  9 water nymphs
  An alligator snapping turtle zombie (Crypt:1)
  9 molten gargoyles
  3 gargoyles
  54 smoke demons
  A toenail golem (Pan)
  A torpor snail (Lair:2)
  27 orange demons
  A green draconian zombie (Dis:2)
  9 guardian serpents
  19 spiny frogs
  2 shock serpent zombies
  14 vault sentinels
  78 large abominations
  A catoblepas zombie (Dis:3)
  4 dire elephant skeletons
  4 emperor scorpion zombies
  A yaktaur zombie (Vaults:5)
  30 hellions
  3 shock serpent skeletons
  A rime drake (Lair:3)
  3 kobold demonologists
  39 small abominations
  A sea snake zombie (Crypt:3)
  A yaktaur (shapeshifter) (Depths:1)
  41 tormentors
  A death yak zombie (Crypt:2)
  39 freezing wraiths
  31 hellwings
  5 human skeletons
  A rime drake (shapeshifter) (Vaults:5)
  11 komodo dragons
  7 demonic crawlers (Pan)
  40 yaktaurs
  A catoblepas skeleton (Pan)
  A harpy zombie (Coc:4)
  11 efreet
  31 red devils
  28 merfolk
  A queen ant zombie (Crypt:3)
  9 ancient zymes
  33 guardian mummies
  2 queen bees (shapeshifter) (Vaults:2)
  A troll (shapeshifter) (Depths:2)
  2 tengu conjurers (Depths:2)
  8 meliai
  39 ice devils
  2 queen bees
  2 silent spectres (Tar:2)
  9 trolls
  2 minotaur skeletons
  5 wind drakes
  13 hydra zombies
  6 hydra skeletons
  11 hornets
  A hornet (shapeshifter) (D:14)
  A harpy skeleton (Geh:7)
  5 tyrant leeches (Lair:6)
  A raiju (shapeshifter) (Vaults:3)
  A blink frog (shapeshifter) (Vaults:5)
  87 slime creatures
  A dream sheep (shapeshifter) (Depths:4)
  47 blink frogs
  17 raiju
  4 fire dragon zombies
  10 snapping turtles
  A stone giant simulacrum (Tomb:1)
  5 ice dragon zombies
  4 bog bodies (Crypt:2)
  3 dream sheep (Shoals:2)
  13 hippogriffs
  A slime creature (shapeshifter) (Vaults:5)
  A fire giant simulacrum (Vaults:2)
  4 alligator zombies
  7 ettin zombies
  3 black mamba zombies
  82 flying skulls
  An air elemental (Abyss:1)
  7 ettin skeletons
  38 shadows
  A redback (shapeshifter) (Abyss:3)
  8 spriggans
  4 fire dragon skeletons
  A tarantella (shapeshifter) (D:13)
  33 water elementals
  31 ynoxinuls
  21 wraiths
  2 ice dragon skeletons
  2 elf zombies
  2 wyverns
  2 alligator skeletons
  47 yaks
  3 basilisks
  A vampire (D:13)
  A wyvern (shapeshifter) (Depths:1)
  A black mamba skeleton (Geh:1)
  14 ushabtiu
  2 humans (shapeshifter)
  6 hogs (Snake:4)
  11 fire bats
  5 hungry ghosts
  A steam dragon (D:7)
  20 neqoxecs
  19 fire elementals
  10 golden eyes
  Grum (D:10)
  A human (D:14)
  A harpy simulacrum (Abyss:1)
  26 chaos spawn
  10 vampire mosquitoes
  A deep troll zombie (Crypt:3)
  3 spatial vortices (Abyss:3)
  A yaktaur simulacrum (Vaults:1)
  A monstrous demonspawn zombie (Tar:7)
  4 swamp worms (Snake:3)
  53 nagas
  73 hell hounds
  6 wargs
  A soldier ant (D:10)
  An acid dragon (D:15)
  25 water moccasins
  2 insubstantial wisps
  2 hydra simulacra (Hell)
  6 spiny frog skeletons
  7 spiny frog zombies
  A water moccasin (shapeshifter) (D:14)
  A deep troll skeleton (Vaults:5)
  A swamp drake (Snake:3)
  49 orc warriors
  8 porcupines
  3 hornet zombies
  An alligator simulacrum (Coc:2)
  9 sky beasts
  8 eyes of draining
  13 phantoms
  5 black bears
  10 ice beasts
  51 ogres
  22 necrophages
  A snapping turtle zombie (Tar:7)
  4 manticore zombies
  3 manticore skeletons
  A swamp dragon zombie (Dis:7)
  3 swamp dragon skeletons
  A boggart (shapeshifter) (Vaults:2)
  3 boggarts (Depths:1)
  3 snapping turtle skeletons
  13 centaurs
  A tengu (shapeshifter) (Vaults:5)
  A torpor snail zombie (Crypt:3)
  13 wolves
  13 crocodiles
  5 big kobolds
  A draconian zombie (Crypt:1)
  Blork the orc (D:7)
  28 bullfrogs
  A rime drake skeleton (Crypt:1)
  A wyvern zombie (D:11)
  4 earth elementals
  A cyclops zombie (Crypt:1)
  A komodo dragon skeleton (Crypt:3)
  2 spiny frog simulacra
  A wyvern skeleton (D:8)
  7 scorpions
  A troll zombie (Crypt:2)
  36 killer bees
  A spriggan zombie (Geh:3)
  A spectral wolf (Crypt:2)
  68 wights
  11 electric eels
  17 crimson imps
  4 lava snakes (Lair:3)
  3 bullfrog zombies
  14 hounds
  9 quasits
  6 jellies
  48 orc wizards
  27 orc priests
  A bullfrog skeleton (D:10)
  6 human zombies
  3 centaur skeletons
  20 iron imps
  5 hell rats (Hell)
  6 iguanas
  Natasha (thrice) (D:4)
  13 worker ants
  A naga zombie (Dis:1)
  An ogre skeleton (Geh:4)
  A big kobold skeleton (Crypt:3)
  2 hound zombies
  A hound skeleton (D:3)
  29 mummies
  7 gnolls
  An ogre simulacrum (Crypt:2)
  35 adders
  7 river rats (Sewer)
  A scorpion zombie (Crypt:1)
  A swamp drake skeleton (Crypt:1)
  11 shadow imps
  31 white imps
  7 ufetubi
  4 oozes
  An adder skeleton (D:8)
  An adder zombie (D:8)
  2 worms
  A ball lightning (Pan)
  2 dart slugs
  10 leopard geckos
  108 orcs
  8 giant cockroaches
  22 goblins
  11 hobgoblins
  20 jackals
  3 quokkas
  16 ball pythons
  8 bats
  8 frilled lizards
  A jackal skeleton (D:5)
  22 kobolds
  3 orc zombies
  A quokka skeleton (Crypt:2)
  A quokka zombie (D:8)
  29 rats
  2 rat zombies
  2 bushes
  3 crawling corpses (Vaults:5)
  2 fungi
  3 lurking horrors
  30 plants
  16 starspawn tentacles
  6 tentacles
5310 creatures vanquished.

Vanquished Creatures (collateral kills)
  Antaeus (Coc:7)
  the Royal Jelly (Slime:5)
  Mnoleg (Pan)
  A tentacled monstrosity (Pan)
  2 Orb Guardians (Zot:5)
  A draconian scorcher (Zot:5)
  A cacodemon (Pan)
  A balrug (Pan)
  A deep elf annihilator (Pan)
  2 skeletal warriors (Coc:7)
  A hell knight (Dis:7)
  A deep elf archer (Crypt:2)
  A deep elf mage (Crypt:2)
  A titan simulacrum (Coc:7)
  A yaktaur (Vaults:4)
  A golden eye (Pan)
  2 neqoxecs (Pan)
  A chaos spawn (Pan)
  A spiny frog skeleton (Coc:7)
  3 mummies
  A ball lightning (Pan)
26 creatures vanquished.

Vanquished Creatures (others)
  A shard shrike (Coc:7)
  A deep elf blademaster (Crypt:2)
  A fire giant (Geh:7)
  An elemental wellspring (Coc:2)
  A blood saint (Pan)
  A white draconian (Zot:2)
  An ogre mage (Vaults:3)
  A deep elf knight (Vaults:5)
  A soul eater (Pan)
  An orc knight (Vaults:3)
  A shock serpent zombie (Geh:3)
  2 alligator zombies (Coc:7)
  2 water elementals (Coc:7)
  2 chaos spawn (Pan)
  An orc warrior (Orc:2)
  A killer bee (Abyss:3)
  A lava snake (Lair:3)
  A crimson imp (Geh:7)
  3 orc wizards
  3 gnolls (D:6)
  2 white imps (Coc:7)
  13 ball lightnings (Pan)
  2 jackals (D:6)
  A kobold zombie (Geh:7)
  A bush (D:14)
  13 fungi
  A lurking horror (Abyss:1)
  48 plants
  36 starspawn tentacles
  11 tentacles
155 creatures vanquished.

Grand Total: 5491 creatures vanquished

Table legend:
 A = Turns spent in this place as a percentage of turns spent in the entire game.
 B = Non-inter-level travel turns spent in this place as a percentage of non-inter-level travel turns spent in the entire game.
 C = Inter-level travel turns spent in this place as a percentage of turns spent in this place.
 D = Turns resting spent in this place as a percentage of non-inter-level travel turns spent in this place.
 E = Turns spent auto-exploring this place as a percentage of non-inter-level travel turns spent in this place.
 F = Non-inter-level travel turns spent in this place divided by the number of levels of this place that you've seen.
                   A       B       C       D       E      F
               +-------+-------+-------+-------+-------+----------------------
         Total | 100.0 | 100.0 |   9.2 |  24.6 |  31.7 | 822.4
       Dungeon |  20.3 |  19.3 |  13.5 |  34.6 |  33.0 | 1283.3
        Temple |   0.1 |   0.0 |  23.0 |   0.0 |  85.1 |  47.0
          Lair |   7.3 |   7.4 |   7.4 |  26.7 |  43.6 | 1235.2
        Shoals |   4.4 |   4.6 |   4.6 |  22.4 |  32.1 | 1153.5
     Snake Pit |   9.2 |   9.9 |   1.9 |  52.2 |  15.9 | 2463.2
    Slime Pits |   0.9 |   1.0 |   5.0 |  41.2 |   0.0 | 192.0
  Orcish Mines |   1.8 |   1.8 |  10.5 |  17.0 |  48.7 | 905.5
   Elven Halls |   4.4 |   4.6 |   5.9 |  24.6 |  32.8 | 1516.7
        Vaults |   8.6 |   8.3 |  12.9 |  22.7 |  41.1 | 1647.2
         Crypt |   2.7 |   2.6 |  12.9 |   3.3 |  52.9 | 875.0
          Tomb |   3.9 |   4.1 |   6.0 |  40.5 |   0.7 | 1343.7
        Depths |   9.6 |   7.6 |  27.6 |  30.6 |  39.2 | 1522.2
          Hell |   0.7 |   0.6 |  20.7 |   0.0 |  46.8 | 613.0
           Dis |   1.1 |   1.2 |   0.0 |   1.5 |   0.6 | 169.7
       Gehenna |   1.0 |   1.1 |   0.0 |   3.5 |   6.6 | 162.1
       Cocytus |   1.6 |   1.7 |   3.8 |   0.9 |   5.7 | 248.1
      Tartarus |   2.4 |   2.5 |   2.4 |   8.1 |   0.0 | 361.3
           Zot |   4.4 |   4.4 |  10.2 |   4.0 |  63.8 | 866.0
         Abyss |   3.6 |   4.0 |   0.0 |   5.1 |  12.8 | 327.9
   Pandemonium |   9.8 |  10.8 |   0.0 |   5.3 |  45.0 | 770.7
        Bazaar |   0.1 |   0.1 |   0.0 |   0.0 |   0.0 | 104.0
         Trove |   0.1 |   0.1 |   0.0 |   0.0 |   0.0 |  93.0
         Sewer |   0.5 |   0.5 |   0.0 |  22.6 |   0.0 | 544.0
        Bailey |   0.7 |   0.8 |   0.0 |  28.4 |   6.7 | 772.0
        Wizlab |   0.7 |   0.7 |   0.0 |  40.8 |  12.1 | 745.0
               +-------+-------+-------+-------+-------+----------------------

Table legend:
 A = Non-vault XP
 B = Vault XP
 C = Vault XP percentage of total XP
 D = Non-vault monster count
 E = Vault monster count
 F = Vault count percentage of total count
                 A         B        C        D         E       F
            +---------+---------+-------+---------+---------+-------
      Total | 2165640 | 1765728 |  44.9 |    3423 |    1742 |  33.7
            +---------+---------+-------+---------+---------+-------
        D:1 |      11 |       0 |   0.0 |      10 |       0 |   0.0
        D:2 |     274 |      13 |   4.5 |      32 |       7 |  17.9
        D:3 |     168 |      18 |   9.7 |      31 |       1 |   3.1
        D:4 |     471 |      35 |   6.9 |      13 |       1 |   7.1
        D:5 |     907 |      12 |   1.3 |      22 |       5 |  18.5
        D:6 |     978 |     273 |  21.8 |      32 |       2 |   5.9
        D:7 |     979 |     699 |  41.7 |      29 |       5 |  14.7
        D:8 |    2815 |     753 |  21.1 |      49 |      10 |  16.9
        D:9 |    1776 |    2078 |  53.9 |      20 |       9 |  31.0
       D:10 |    3675 |    1121 |  23.4 |      37 |      18 |  32.7
       D:11 |    3302 |    1480 |  30.9 |      26 |      11 |  29.7
       D:12 |    6849 |    2102 |  23.5 |      33 |       6 |  15.4
       D:13 |    5418 |    1942 |  26.4 |      26 |       2 |   7.1
       D:14 |   10884 |    6480 |  37.3 |      46 |      10 |  17.9
       D:15 |    6826 |    5327 |  43.8 |      19 |       6 |  24.0
     Lair:1 |    2372 |    1334 |  36.0 |      11 |       7 |  38.9
     Lair:2 |    5685 |    4246 |  42.8 |      28 |      33 |  54.1
     Lair:3 |    2983 |    3998 |  57.3 |      13 |       7 |  35.0
     Lair:4 |    8102 |       0 |   0.0 |      22 |       0 |   0.0
     Lair:5 |   10744 |    3797 |  26.1 |      24 |      24 |  50.0
     Lair:6 |   12337 |   11573 |  48.4 |      41 |      44 |  51.8
   Shoals:1 |    9013 |    3780 |  29.5 |      19 |       8 |  29.6
   Shoals:2 |   19479 |   14405 |  42.5 |      40 |      22 |  35.5
   Shoals:3 |   10154 |       0 |   0.0 |      16 |       0 |   0.0
   Shoals:4 |   14792 |   18398 |  55.4 |      35 |      30 |  46.2
    Snake:1 |   14158 |    2566 |  15.3 |      26 |       3 |  10.3
    Snake:2 |   15079 |    6657 |  30.6 |      32 |      17 |  34.7
    Snake:3 |   22316 |    4695 |  17.4 |      39 |      13 |  25.0
    Snake:4 |    7668 |   47423 |  86.1 |      12 |      66 |  84.6
    Slime:1 |    5385 |       0 |   0.0 |      12 |       0 |   0.0
    Slime:2 |    7208 |       0 |   0.0 |      16 |       0 |   0.0
    Slime:3 |   10066 |       0 |   0.0 |       7 |       0 |   0.0
    Slime:4 |   10407 |       0 |   0.0 |      26 |       0 |   0.0
    Slime:5 |   13772 |   31800 |  69.8 |      11 |      14 |  56.0
      Orc:1 |    4170 |     915 |  18.0 |      40 |       5 |  11.1
      Orc:2 |    2159 |   10345 |  82.7 |      23 |      35 |  60.3
      Elf:1 |   10059 |    7501 |  42.7 |      18 |      12 |  40.0
      Elf:2 |    8157 |   24677 |  75.2 |      10 |      30 |  75.0
      Elf:3 |   14673 |   40332 |  73.3 |      27 |      30 |  52.6
   Vaults:1 |   18471 |   12208 |  39.8 |      32 |      14 |  30.4
   Vaults:2 |   32820 |   24581 |  42.8 |      53 |      36 |  40.4
   Vaults:3 |   19182 |   18321 |  48.9 |      38 |      20 |  34.5
   Vaults:4 |   24054 |   30311 |  55.8 |      39 |      46 |  54.1
   Vaults:5 |   50838 |  113026 |  69.0 |      59 |      90 |  60.4
    Crypt:1 |   12892 |    3999 |  23.7 |      22 |       1 |   4.3
    Crypt:2 |   29028 |   30215 |  51.0 |      41 |      60 |  59.4
    Crypt:3 |   49303 |   43319 |  46.8 |      55 |      34 |  38.2
     Tomb:1 |   17858 |  123903 |  87.4 |      33 |      53 |  61.6
     Tomb:2 |    7627 |   53514 |  87.5 |      19 |      41 |  68.3
     Tomb:3 |   15524 |   34822 |  69.2 |      23 |      32 |  58.2
   Depths:1 |   37303 |       0 |   0.0 |      59 |       0 |   0.0
   Depths:2 |   39740 |   25719 |  39.3 |      54 |      23 |  29.9
   Depths:3 |    9860 |   37373 |  79.1 |      12 |      25 |  67.6
   Depths:4 |   32139 |   46260 |  59.0 |      29 |      24 |  45.3
   Depths:5 |   46468 |   31237 |  40.2 |      39 |      17 |  30.4
       Hell |    5552 |   34674 |  86.2 |      11 |      50 |  82.0
      Dis:1 |    4573 |       0 |   0.0 |      14 |       0 |   0.0
      Dis:2 |   10914 |       0 |   0.0 |      11 |       0 |   0.0
      Dis:3 |    6157 |       0 |   0.0 |      16 |       0 |   0.0
      Dis:4 |    4005 |       0 |   0.0 |       7 |       0 |   0.0
      Dis:5 |   12662 |       0 |   0.0 |      11 |       0 |   0.0
      Dis:6 |    4961 |       0 |   0.0 |       7 |       0 |   0.0
      Dis:7 |   11151 |   99637 |  89.9 |      24 |      86 |  78.2
      Geh:1 |   15750 |       0 |   0.0 |      49 |       0 |   0.0
      Geh:2 |    6111 |       0 |   0.0 |      25 |       0 |   0.0
      Geh:3 |   13704 |       0 |   0.0 |      36 |       0 |   0.0
      Geh:4 |    2110 |       0 |   0.0 |       8 |       0 |   0.0
      Geh:5 |    7362 |       0 |   0.0 |      16 |       0 |   0.0
      Geh:6 |    5429 |    6577 |  54.8 |       5 |      11 |  68.8
      Geh:7 |   17841 |   54155 |  75.2 |      24 |      38 |  61.3
      Coc:1 |     447 |       0 |   0.0 |       2 |       0 |   0.0
      Coc:2 |   47833 |       0 |   0.0 |      59 |       0 |   0.0
      Coc:3 |    2089 |       0 |   0.0 |       9 |       0 |   0.0
      Coc:4 |   22302 |       0 |   0.0 |      33 |       0 |   0.0
      Coc:5 |    5274 |       0 |   0.0 |       5 |       0 |   0.0
      Coc:6 |   33064 |       0 |   0.0 |      32 |       0 |   0.0
      Coc:7 |  130625 |   65459 |  33.4 |     101 |      86 |  46.0
      Tar:1 |   77926 |       0 |   0.0 |      85 |       0 |   0.0
      Tar:2 |   11602 |   19073 |  62.2 |      22 |      31 |  58.5
      Tar:3 |   20889 |       0 |   0.0 |      31 |       0 |   0.0
      Tar:4 |     228 |       0 |   0.0 |       4 |       0 |   0.0
      Tar:5 |   25221 |       0 |   0.0 |      44 |       0 |   0.0
      Tar:6 |   71018 |       0 |   0.0 |      75 |       0 |   0.0
      Tar:7 |   50892 |   86605 |  63.0 |      80 |      55 |  40.7
      Zot:1 |   75940 |   14884 |  16.4 |      45 |       6 |  11.8
      Zot:2 |   28685 |       0 |   0.0 |      23 |       0 |   0.0
      Zot:3 |   47809 |       0 |   0.0 |      28 |       0 |   0.0
      Zot:4 |   18074 |       0 |   0.0 |      11 |       0 |   0.0
      Zot:5 |   44541 |  157566 |  78.0 |      23 |      47 |  67.1
    Abyss:1 |   93008 |    1072 |   1.1 |     165 |       7 |   4.1
    Abyss:2 |   58156 |    1253 |   2.1 |     115 |       2 |   1.7
    Abyss:3 |   53485 |    8969 |  14.4 |     103 |      22 |  17.6
        Pan |  388872 |  321633 |  45.3 |     484 |     199 |  29.1
      Sewer |       0 |     379 | 100.0 |       0 |      48 | 100.0
     Bailey |       0 |    3009 | 100.0 |       0 |      44 | 100.0
     WizLab |       0 |    1200 | 100.0 |       0 |       1 | 100.0
            +---------+---------+-------+---------+---------+-------
